Workbook
Name __xlnm.Print_Area_1: #REF!
Name __xlnm.Print_Area_1: #REF!
Name __xlnm.Print_Area_1: #REF!
Name __xlnm.Print_Area_1: #REF!
Name __xlnm.Print_Area_1: #REF!
Name __xlnm.Print_Area_4: #REF!
Name __xlnm.Print_Area_4: #REF!
Name __xlnm.Print_Area_4: #REF!
Name __xlnm.Print_Area_4: #REF!
Name __xlnm.Print_Titles_1: #REF!
Name __xlnm.Print_Titles_1: #REF!
Name __xlnm.Print_Titles_1: #REF!
Name __xlnm.Print_Titles_1: #REF!
Name _Comp: #REF!
Name _Comp: #REF!
Name _Comp: #REF!
Name _Comp: #REF!
Name A: #REF!
Name A: #REF!
Name A: #REF!
Name A: #REF!
Name A: #REF!
Name AA: #REF!
Name AAA: #REF!
Name AAAA: #REF!
Name AAAAAAA: #REF!
Name AAAAAAAA: #REF!
Name AAAAAAAAA: #REF!
Name AAAAAAAAAA: #REF!
Name AAAAAAAAAAA: #REF!
Name AAAAAAAAAAAA: #REF!
Name AAAAAAAAAAAAA: #REF!
Name aaaaaaaaaaaaaa: #REF!
Name aefe: #REF!
Name Area5: #REF!
Name Area5: #REF!
Name Area5: #REF!
Name Area5: #REF!
Name Area5: #REF!
Name asa: #REF!
Name asdwe: #REF!
Name BB: #REF!
Name BDI: #REF!
Name BDI_1: #REF!
Name BDI_3: #REF!
Name Comp: #REF!
Name Comp: #REF!
Name Comp: #REF!
Name Comp: #REF!
Name COMPOSICAO: #REF!
Name COMPOSICAO: #REF!
Name COMPOSICAO: #REF!
Name COMPOSICAO: #REF!
Name d: #REF!
Name d: #REF!
Name d: #REF!
Name d: #REF!
Name DD: #REF!
Name DDDD: #REF!
Name DDDDD: #REF!

Sheet ORC JGZ SIF
A1: PLANILHA ORÇAMENTÁRIA DAS OBRAS DO SIFÃO DO CT JARDIM GIMENEZ SOB O RIBEIRÃO DO SUL - SERTÃOZINHO-SP | K1: X
A2: ITEM | G2: S/ BDI | H2: BDI conforme acórdão 2369/2011 | J2: C/ BDI | K2: X
A3: 1 | B3: =B9 -> SERVIÇOS GERAIS | G3: =G9 -> 148633.33 | J3: =J9 -> 185355.5 | K3: X | Q3: ADM | R3: =J11/J5 -> 0.017176799 | S3: <3%
A4: 2 | B4: =B46 -> SIFÃO DO CT JARDIM GIMENEZ SOB O RIBEIRÃO DO SUL | G4: =G46 -> 156156.89 | J4: =J46 -> 184226.74 | K4: X | Q4: PROJTEC | R4: =#REF!/#REF! -> #REF! | S4: >2,5%
B5: TOTAL DA OBRA | G5: =SUM(G3:G4) -> 304790.22 | J5: =SUM(J3:J4) -> 369582.24 | K5: X | N5: 6 | O5: KM
A6: DATA BASE: SINAPI DEZ/2023 E CDHU 192 | F6: BDI - MATERIAL | G6: ='BDI JGZ SIF'!C36 -> 0.15278048 | K6: X | N6: 25 | O6: KM
F7: BDI - SERVIÇOS | G7: ='BDI JGZ SIF'!C18 -> 0.2696499 | K7: X | N7: 8 | O7: KM | R7: =#REF!*2.5% -> #REF!
A8: ITEM | B8: DESCRIÇÃO | C8: CÓDIGO | D8: UNID. | E8: QTDE. | F8: CUSTO UNITÁRIO (SEM BDI) - R$ | G8: CUSTO TOTAL R$ | H8: % BDI | I8: PREÇO UNITÁRIO C/ BDI (R$) | J8: PREÇO TOTAL C/ BDI (R$) | K8: X | L8: INSUMO OU SERVIÇO | O8: =IF(M8<0.04,"ok","ALERTA") -> ok | R8: =R7/1.294 -> #REF!
A9: 1 | B9: SERVIÇOS GERAIS | G9: =G14+G24+G28+G36+G39+G42+G45 -> 148633.33 | J9: =J14+J24+J28+J36+J39+J42+J45 -> 185355.5
A10: 1.1 | B10: GERAL
A11: 1.1.1 | B11: ADMINISTRACAO LOCAL DA OBRA | C11: SSM_AdmLocal | D11: MÊS | E11: 2 | F11: 2500 | G11: =ROUND(E11*F11,2) -> 5000 | H11: =IF(K11="",$G$7,$G$6) -> 0.2696499 | I11: =ROUND(F11*H11+F11,2) -> 3174.12 | J11: =ROUND(E11*I11,2) -> 6348.24 | L11: DURAÇÃO DAS OBRAS (3 MESES)
A12: 1.1.2 | B12: =VLOOKUP(C12,'SINAPI dez-24 e CDHU 192'!$A$2:$C$19793,2, FALSE) -> LOCACAO DE CONTAINER 2,30 X 6,00 M, ALT. 2,50 M, COM 1 SANITARIO, PARA ESCRITORIO, COMPLETO, SEM DIVISORIAS INTERNAS (NAO INCLUI MOBILIZACAO/DESMOBILIZACAO) | C12: 10775 | D12: =VLOOKUP(C12,'SINAPI dez-24 e CDHU 192'!$A$2:$D$19793,3, FALSE) -> MES | E12: =E11 -> 2 | F12: =VLOOKUP(C12,'SINAPI dez-24 e CDHU 192'!$A$2:$D$35393,4, FALSE) -> 862,50 | G12: =ROUND(E12*F12,2) -> 1725 | H12: =IF(K12="",$G$7,$G$6) -> 0.2696499 | I12: =ROUND(F12*H12+F12,2) -> 1095.07 | J12: =ROUND(E12*I12,2) -> 2190.14 | L12: DURAÇÃO DAS OBRAS (3 MESES)
A13: 1.1.4 | B13: =VLOOKUP(C13,'SINAPI dez-24 e CDHU 192'!$A$2:$C$19793,2, FALSE) -> PLACA DE OBRA (PARA CONSTRUCAO CIVIL) EM CHAPA GALVANIZADA *N. 22*, ADESIVADA, DE *2,4 X 1,2* M (SEM POSTES PARA FIXACAO) | C13: 4813 | D13: =VLOOKUP(C13,'SINAPI dez-24 e CDHU 192'!$A$2:$D$19793,3, FALSE) -> M2 | E13: =4*3 -> 12 | F13: =VLOOKUP(C13,'SINAPI dez-24 e CDHU 192'!$A$2:$D$35393,4, FALSE) -> 250,00 | G13: =ROUND(E13*F13,2) -> 3000 | H13: =IF(K13="",$G$7,$G$6) -> 0.2696499 | I13: =ROUND(F13*H13+F13,2) -> 317.41 | J13: =ROUND(E13*I13,2) -> 3808.92 | L13: UMA PLACA COM 3 mM DE ALTURA POR 4 m DE LARGURA
B14: SUB-TOTAL | G14: =SUM(G11:G13) -> 9725 | J14: =SUM(J11:J13) -> 12347.3
A15: 1.2 | B15: DEMOLIÇÕES, RECOMPOSISÇÕES E LIMPEZA DO TERRENO
A16: 1.2.1 | B16: =VLOOKUP(C16,'SINAPI dez-24 e CDHU 192'!$A$2:$C$19793,2, FALSE) -> LIMPEZA MECANIZADA DE CAMADA VEGETAL, VEGETAÇÃO E PEQUENAS ÁRVORES (DIÂMETRO DE TRONCO MENOR QUE 0,20 M), COM TRATOR DE ESTEIRAS.AF_05/2018 | C16: 98525 | D16: =VLOOKUP(C16,'SINAPI dez-24 e CDHU 192'!$A$2:$D$19793,3, FALSE) -> M2 | E16: 156.19 | F16: =VLOOKUP(C16,'SINAPI dez-24 e CDHU 192'!$A$2:$D$35393,4, FALSE) -> 0,41 | G16: =ROUND(E16*F16,2) -> 64.04 | H16: =IF(K16="",$G$7,$G$6) -> 0.2696499 | I16: =ROUND(F16*H16+F16,2) -> 0.52 | J16: =ROUND(E16*I16,2) -> 81.22 | L16: VER DESENHO MCQ - LIMPEZA
A17: 1.2.2 | B17: =VLOOKUP(C17,'SINAPI dez-24 e CDHU 192'!$A$2:$C$19793,2, FALSE) -> RECOMPOSIÇÃO DE REVESTIMENTO EM CONCRETO ASFÁLTICO (AQUISIÇÃO EM USINA), PARA O FECHAMENTO DE VALAS - INCLUSO DEMOLIÇÃO DO PAVIMENTO. AF_12/2020 | C17: 102098 | D17: =VLOOKUP(C17,'SINAPI dez-24 e CDHU 192'!$A$2:$D$19793,3, FALSE) -> M3 | E17: =7.27*0.15 -> 1.0905 | F17: =VLOOKUP(C17,'SINAPI dez-24 e CDHU 192'!$A$2:$D$35393,4, FALSE) -> 1.916,22 | G17: =ROUND(E17*F17,2) -> 2089.64 | H17: =IF(K17="",$G$7,$G$6) -> 0.2696499 | I17: =ROUND(F17*H17+F17,2) -> 2432.93 | J17: =ROUND(E17*I17,2) -> 2653.11 | L17: VER DESENHO MCQ - DEMOLI PAV. ASFALTICO
A18: 1.2.3 | B18: =VLOOKUP(C18,'SINAPI dez-24 e CDHU 192'!$A$2:$C$19793,2, FALSE) -> DEMOLIÇÃO DE PISO DE CONCRETO SIMPLES, DE FORMA MECANIZADA COM MARTELETE, SEM REAPROVEITAMENTO. AF_09/2023 | C18: 104790 | D18: =VLOOKUP(C18,'SINAPI dez-24 e CDHU 192'!$A$2:$D$19793,3, FALSE) -> M3 | E18: =7.84*0.1 -> 0.784 | F18: =VLOOKUP(C18,'SINAPI dez-24 e CDHU 192'!$A$2:$D$35393,4, FALSE) -> 113,50 | G18: =ROUND(E18*F18,2) -> 88.98 | H18: =IF(K18="",$G$7,$G$6) -> 0.2696499 | I18: =ROUND(F18*H18+F18,2) -> 144.11 | J18: =ROUND(E18*I18,2) -> 112.98 | L18: VER DESENHO MCQ - DEMOLI PASSEIO
A19: 1.2.4 | B19: =VLOOKUP(C19,'SINAPI dez-24 e CDHU 192'!$A$2:$C$19793,2, FALSE) -> EXECUÇÃO DE PASSEIO (CALÇADA) OU PISO DE CONCRETO COM CONCRETO MOLDADO IN LOCO, USINADO C20, ACABAMENTO CONVENCIONAL, NÃO ARMADO. AF_08/2022 | C19: 94991 | D19: =VLOOKUP(C19,'SINAPI dez-24 e CDHU 192'!$A$2:$D$19793,3, FALSE) -> M3 | E19: =E18 -> 0.784 | F19: =VLOOKUP(C19,'SINAPI dez-24 e CDHU 192'!$A$2:$D$35393,4, FALSE) -> 650,02 | G19: =ROUND(E19*F19,2) -> 509.62 | H19: =IF(K19="",$G$7,$G$6) -> 0.2696499 | I19: =ROUND(F19*H19+F19,2) -> 825.3 | J19: =ROUND(E19*I19,2) -> 647.04 | L19: RECOMPOSIÇÃO DO PASSEIO DEMOLIDO
A20: 1.2.5 | B20: =VLOOKUP(C20,'SINAPI dez-24 e CDHU 192'!$A$2:$C$19793,2, FALSE) -> CARGA, MANOBRA E DESCARGA DE ENTULHO EM CAMINHÃO BASCULANTE 10 M³ - CARGA COM ESCAVADEIRA HIDRÁULICA (CAÇAMBA DE 0,80 M³ / 111 HP) E DESCARGA LIVRE (UNIDADE: M3). AF_07/2020 | C20: 100982 | D20: =VLOOKUP(C20,'SINAPI dez-24 e CDHU 192'!$A$2:$D$19793,3, FALSE) -> M3 | E20: =((E16)*1.2)*0.2+E17*1.25+E18*1.25 -> 39.828725 | F20: =VLOOKUP(C20,'SINAPI dez-24 e CDHU 192'!$A$2:$D$35393,4, FALSE) -> 9,19 | G20: =ROUND(E20*F20,2) -> 366.03 | H20: =IF(K20="",$G$7,$G$6) -> 0.2696499 | I20: =ROUND(F20*H20+F20,2) -> 11.67 | J20: =ROUND(E20*I20,2) -> 464.8 | L20: SOMA DAS ÁREAS DE LIMPEZA x 1,2 (EMPOLAMENTO) x 0,20 m3/m2 + DEMOLIÇÃO ASFALTO x 1,25 (EMPOLAM) + DEMOLIÇÃO PASSEIO x 1,25 (EMPOLAM)
A21: 1.2.6 | B21: =VLOOKUP(C21,'SINAPI dez-24 e CDHU 192'!$A$2:$C$19793,2, FALSE) -> TRANSPORTE COM CAMINHÃO BASCULANTE DE 10 M³, EM VIA URBANA EM LEITO NATURAL (UNIDADE: M3XKM). AF_07/2020 | C21: 93588 | D21: =VLOOKUP(C21,'SINAPI dez-24 e CDHU 192'!$A$2:$D$19793,3, FALSE) -> M3XKM | E21: =E20*$N$5 -> 238.97235 | F21: =VLOOKUP(C21,'SINAPI dez-24 e CDHU 192'!$A$2:$D$35393,4, FALSE) -> 3,21 | G21: =ROUND(E21*F21,2) -> 767.1 | H21: =IF(K21="",$G$7,$G$6) -> 0.2696499 | I21: =ROUND(F21*H21+F21,2) -> 4.08 | J21: =ROUND(E21*I21,2) -> 975.01 | L21: TOTAL CARREGADO x DISTÂNCIA ATÉ O BOTA-FORA (6,0 KM)
A22: 1.2.7 | B22: =VLOOKUP(C22,'SINAPI dez-24 e CDHU 192'!$A$2:$C$19793,2, FALSE) -> ESPALHAMENTO DE MATERIAL COM TRATOR DE ESTEIRAS. AF_11/2019 | C22: 100574 | D22: =VLOOKUP(C22,'SINAPI dez-24 e CDHU 192'!$A$2:$D$19793,3, FALSE) -> M3 | E22: =E20 -> 39.828725 | F22: =VLOOKUP(C22,'SINAPI dez-24 e CDHU 192'!$A$2:$D$35393,4, FALSE) -> 1,45 | G22: =ROUND(E22*F22,2) -> 57.75 | H22: =IF(K22="",$G$7,$G$6) -> 0.2696499 | I22: =ROUND(F22*H22+F22,2) -> 1.84 | J22: =ROUND(E22*I22,2) -> 73.28 | L22: TOTAL CARREGADO
A23: 1.2.8 | B23: =VLOOKUP(C23,'SINAPI dez-24 e CDHU 192'!$A$2:$C$19793,2, FALSE) -> PLANTIO DE GRAMA BATATAIS EM PLACAS. AF_05/2018 | C23: 98504 | D23: =VLOOKUP(C23,'SINAPI dez-24 e CDHU 192'!$A$2:$D$19793,3, FALSE) -> M2 | E23: =E16 -> 156.19 | F23: =VLOOKUP(C23,'SINAPI dez-24 e CDHU 192'!$A$2:$D$35393,4, FALSE) -> 17,85 | G23: =ROUND(E23*F23,2) -> 2787.99 | H23: =IF(K23="",$G$7,$G$6) -> 0.2696499 | I23: =ROUND(F23*H23+F23,2) -> 22.66 | J23: =ROUND(E23*I23,2) -> 3539.27 | L23: TOTAL DE GRAMA APÓS FECHAMENTO DAS VALAS
B24: SUB-TOTAL | G24: =SUM(G16:G23) -> 6731.15 | J24: =SUM(J16:J23) -> 8546.71
A25: 1.3 | B25: SERVIÇOS PRELIMINARES
A26: 1.3.1 | B26: =VLOOKUP(C26,'SINAPI dez-24 e CDHU 192'!$A$2:$C$19793,2, FALSE) -> LOCAÇÃO DE REDE DE ÁGUA OU ESGOTO. AF_10/2018 | C26: 99063 | D26: =VLOOKUP(C26,'SINAPI dez-24 e CDHU 192'!$A$2:$D$19793,3, FALSE) -> M | E26: =E48+E50+E49 -> 151.57 | F26: =VLOOKUP(C26,'SINAPI dez-24 e CDHU 192'!$A$2:$D$35393,4, FALSE) -> 5,76 | G26: =ROUND(E26*F26,2) -> 873.04 | H26: =IF(L26="",$G$7,$G$6) -> 0.15278048 | I26: =ROUND(F26*H26+F26,2) -> 6.64 | J26: =ROUND(E26*I26,2) -> 1006.42 | L26: TOTAL DAS EXTENSÕES DOS SIFÕES E DA REDE DE DESVIO DO CT JD. GIMENEZ
A27: 1.3.2 | B27: PAREDE ENSECADEIRA C/PRANCHA-ESP.0,075M (DER-SP) | C27: 25.03.02 | D27: M2 | E27: =25.67*2 -> 51.34 | F27: =730.39/1.35 -> 541.02963 | G27: =ROUND(E27*F27,2) -> 27776.46 | H27: =IF(L27="",$G$7,$G$6) -> 0.15278048 | I27: =ROUND(F27*H27+F27,2) -> 623.69 | J27: =ROUND(E27*I27,2) -> 32020.24 | L27: VER DESENHO MCQ - 25,67 METROS DE COMPRIMENTO DE ENSECADEIRAS PARA O RIBEIRÃO x 2,00 M DE ALTURA DA ENSECADEIRA (CONSIDERADA A REUTILIZAÇÃO NA OUTRA MARGEM)
B28: SUB-TOTAL | G28: =SUM(G26:G27) -> 28649.5 | J28: =SUM(J26:J27) -> 33026.66
A29: 1.4 | B29: MOVIMENTO DE TERRA
A30: 1.4.1 | B30: =VLOOKUP(C30,'SINAPI dez-24 e CDHU 192'!$A$2:$C$19793,2, FALSE) -> ESCAVAÇÃO MECANIZADA DE VALA COM PROFUNDIDADE MAIOR QUE 1,5 M ATÉ 3,0 M (MÉDIA MONTANTE E JUSANTE/UMA COMPOSIÇÃO POR TRECHO), RETROESCAV. (0,26 M3), LARGURA MENOR QUE 0,8 M, EM SOLO DE 1A CATEGORIA, LOCAIS COM BAIXO NÍVEL DE INTERFERÊNCIA. AF_02/2021 | C30: 90107 | D30: =VLOOKUP(C30,'SINAPI dez-24 e CDHU 192'!$A$2:$D$19793,3, FALSE) -> M3 | E30: =(E48*2)*2.25+(E50*1.5)*2.75 -> 462.51375 | F30: =VLOOKUP(C30,'SINAPI dez-24 e CDHU 192'!$A$2:$D$35393,4, FALSE) -> 7,57 | G30: =ROUND(E30*F30,2) -> 3501.23 | H30: =IF(K30="",$G$7,$G$6) -> 0.2696499 | I30: =ROUND(F30*H30+F30,2) -> 9.61 | J30: =ROUND(E30*I30,2) -> 4444.76 | L30: LARGURA DA VALA NO SIFÃO = 2,0 M e LARGURA DA VALA NO COLETOR = 1,75 M
A31: 1.4.2 | B31: =VLOOKUP(C31,'SINAPI dez-24 e CDHU 192'!$A$2:$C$19793,2, FALSE) -> REATERRO MANUAL DE VALAS, COM COMPACTADOR DE SOLOS DE PERCUSSÃO. AF_08/2023 | C31: 93382 | D31: =VLOOKUP(C31,'SINAPI dez-24 e CDHU 192'!$A$2:$D$19793,3, FALSE) -> M3 | E31: =(E26*0.25*1) -> 37.8925 | F31: =VLOOKUP(C31,'SINAPI dez-24 e CDHU 192'!$A$2:$D$35393,4, FALSE) -> 28,73 | G31: =ROUND(E31*F31,2) -> 1088.65 | H31: =IF(K31="",$G$7,$G$6) -> 0.2696499 | I31: =ROUND(F31*H31+F31,2) -> 36.48 | J31: =ROUND(E31*I31,2) -> 1382.32 | L31: IGUAL AO TOTAL ESCAVADO x 25% DE REATERRO MANUAL
A32: 1.4.3 | B32: =VLOOKUP(C32,'SINAPI dez-24 e CDHU 192'!$A$2:$C$19793,2, FALSE) -> REATERRO MECANIZADO DE VALA COM ESCAVADEIRA HIDRÁULICA (CAPACIDADE DA CAÇAMBA: 0,8 M³/POTÊNCIA: 111 HP), LARGURA ATÉ 1,5 M, PROFUNDIDADE DE 1,5 A 3,0 M, COM SOLO (SEM SUBSTITUIÇÃO) DE 1ª CATEGORIA, COM COMPACTADOR DE SOLOS DE PERCUSSÃO. AF_08/2023 | C32: 93368 | D32: =VLOOKUP(C32,'SINAPI dez-24 e CDHU 192'!$A$2:$D$19793,3, FALSE) -> M3 | E32: =(E30-E31-(((PI()*0.5^2)/4)*E50)-(((PI()*0.33^2)/4)*E48)-(((PI()*0.45^2)/4)*E49)) -> 401.28774 | F32: =VLOOKUP(C32,'SINAPI dez-24 e CDHU 192'!$A$2:$D$35393,4, FALSE) -> 20,41 | G32: =ROUND(E32*F32,2) -> 8190.28 | H32: =IF(K32="",$G$7,$G$6) -> 0.2696499 | I32: =ROUND(F32*H32+F32,2) -> 25.91 | J32: =ROUND(E32*I32,2) -> 10397.37 | L32: IGUAL AO TOTAL ESCAVADO - TOTAL REATERRO MANUAL - VOLUMES DOS TUBOS
A33: 1.4.4 | B33: =VLOOKUP(C33,'SINAPI dez-24 e CDHU 192'!$A$2:$C$19793,2, FALSE) -> CARGA, MANOBRA E DESCARGA DE SOLOS E MATERIAIS GRANULARES EM CAMINHÃO BASCULANTE 6 M³ - CARGA COM ESCAVADEIRA HIDRÁULICA (CAÇAMBA DE 1,20 M³ / 155 HP) E DESCARGA LIVRE (UNIDADE: M3). AF_07/2020 | C33: 100977 | D33: =VLOOKUP(C33,'SINAPI dez-24 e CDHU 192'!$A$2:$D$19793,3, FALSE) -> M3 | E33: =((E30)-(E31+E32))*1.25 -> 29.166886 | F33: =VLOOKUP(C33,'SINAPI dez-24 e CDHU 192'!$A$2:$D$35393,4, FALSE) -> 7,91 | G33: =ROUND(E33*F33,2) -> 230.71 | H33: =IF(K33="",$G$7,$G$6) -> 0.2696499 | I33: =ROUND(F33*H33+F33,2) -> 10.04 | J33: =ROUND(E33*I33,2) -> 292.84 | L33: IGUAL AO TOTAL ESCAVADO - TOTAL REATERRADO x 1,25 (EMPOLAMENTO)
A34: 1.4.5 | B34: =VLOOKUP(C34,'SINAPI dez-24 e CDHU 192'!$A$2:$C$19793,2, FALSE) -> TRANSPORTE COM CAMINHÃO BASCULANTE DE 10 M³, EM VIA URBANA EM LEITO NATURAL (UNIDADE: M3XKM). AF_07/2020 | C34: 93588 | D34: =VLOOKUP(C34,'SINAPI dez-24 e CDHU 192'!$A$2:$D$19793,3, FALSE) -> M3XKM | E34: =E33*$N$5 -> 175.00132 | F34: =VLOOKUP(C34,'SINAPI dez-24 e CDHU 192'!$A$2:$D$35393,4, FALSE) -> 3,21 | G34: =ROUND(E34*F34,2) -> 561.75 | H34: =IF(K34="",$G$7,$G$6) -> 0.2696499 | I34: =ROUND(F34*H34+F34,2) -> 4.08 | J34: =ROUND(E34*I34,2) -> 714.01 | L34: TOTAL CARREGADO x DISTÂNCIA ATÉ O BOTA-FORA (6,0 KM)
A35: 1.4.6 | B35: =VLOOKUP(C35,'SINAPI dez-24 e CDHU 192'!$A$2:$C$19793,2, FALSE) -> ESPALHAMENTO DE MATERIAL COM TRATOR DE ESTEIRAS. AF_11/2019 | C35: 100574 | D35: =VLOOKUP(C35,'SINAPI dez-24 e CDHU 192'!$A$2:$D$19793,3, FALSE) -> M3 | E35: =E33 -> 29.166886 | F35: =VLOOKUP(C35,'SINAPI dez-24 e CDHU 192'!$A$2:$D$35393,4, FALSE) -> 1,45 | G35: =ROUND(E35*F35,2) -> 42.29 | H35: =IF(K35="",$G$7,$G$6) -> 0.2696499 | I35: =ROUND(F35*H35+F35,2) -> 1.84 | J35: =ROUND(E35*I35,2) -> 53.67 | L35: TOTAL CARREGADO
B36: SUB-TOTAL | G36: =SUM(G30:G35) -> 13614.91 | J36: =SUM(J30:J35) -> 17284.97
A37: 1.5 | B37: EMBASAMENTO
A38: 1.5.1 | B38: =VLOOKUP(C38,'SINAPI dez-24 e CDHU 192'!$A$2:$C$19793,2, FALSE) -> PREPARO DE FUNDO DE VALA COM LARGURA MAIOR OU IGUAL A 1,5 M E MENOR QUE 2,5 M, COM CAMADA DE AREIA, LANÇAMENTO MANUAL. AF_08/2020 | C38: 101620 | D38: =VLOOKUP(C38,'SINAPI dez-24 e CDHU 192'!$A$2:$D$19793,3, FALSE) -> M3 | E38: =(E48+E49)*2+E50*1.75 -> 286.9425 | F38: =VLOOKUP(C38,'SINAPI dez-24 e CDHU 192'!$A$2:$D$35393,4, FALSE) -> 194,84 | G38: =ROUND(E38*F38,2) -> 55907.88 | H38: =IF(K38="",$G$7,$G$6) -> 0.2696499 | I38: =ROUND(F38*H38+F38,2) -> 247.38 | J38: =ROUND(E38*I38,2) -> 70983.84 | L38: IGUAL AO TOTAL DE REDES x LARGURA MÉDIA DAS VALAS (2,00 m - SIFOES; 1,75 m CT JD. GIMENEZ)
B39: SUB-TOTAL | G39: =SUM(G38:G38) -> 55907.88 | J39: =SUM(J38:J38) -> 70983.84
A40: 1.6 | B40: ESCORAMENTO
A41: 1.6.1 | B41: =VLOOKUP(C41,'SINAPI dez-24 e CDHU 192'!$A$2:$C$19793,2, FALSE) -> ESCORAMENTO DE VALA, TIPO DESCONTÍNUO, COM PROFUNDIDADE DE 1,5 A 3,0 M, LARGURA MAIOR OU IGUAL A 1,5 M E MENOR QUE 2,5 M. AF_08/2020 | C41: 101579 | D41: =VLOOKUP(C41,'SINAPI dez-24 e CDHU 192'!$A$2:$D$19793,3, FALSE) -> M2 | E41: =(E48*2.25*2+E50*2.75*2) -> 551.6 | F41: =VLOOKUP(C41,'SINAPI dez-24 e CDHU 192'!$A$2:$D$35393,4, FALSE) -> 50,37 | G41: =ROUND(E41*F41,2) -> 27784.09 | H41: =IF(K41="",$G$7,$G$6) -> 0.2696499 | I41: =ROUND(F41*H41+F41,2) -> 63.95 | J41: =ROUND(E41*I41,2) -> 35274.82 | L41: IGUAL AO CO0MPRIM TOTAL DE REDES x PROFUNDIDADE MÉDIA DAS VALAS (2,25m - SIFAO ; 2,75 CT JD. GIMENEZ) x 02 LADOS
B42: SUB-TOTAL | G42: =SUM(G41) -> 27784.09 | J42: =SUM(J41) -> 35274.82
A43: 1.7 | B43: ESGOTAMENTO
A44: 1.7.1 | B44: =VLOOKUP(C44,'SINAPI dez-24 e CDHU 192'!$A$2:$C$19793,2, FALSE) -> LOCACAO DE BOMBA SUBMERSIVEL PARA DRENAGEM E ESGOTAMENTO, MOTOR ELETRICO TRIFASICO, POTENCIA DE 2 CV, DIAMETRO DE RECALQUE DE 3". FAIXA DE OPERACAO Q=70 M3/H (+ OU - 2 M3/H) E AMT=2 M, Q=9,5 M3/H (+ OU - 3,5 M3/H) E AMT = 10 M (+ OU - 2 M) | C44: 40293 | D44: =VLOOKUP(C44,'SINAPI dez-24 e CDHU 192'!$A$2:$D$19793,3, FALSE) -> H | E44: =24*30*2*2 -> 2880 | F44: =VLOOKUP(C44,'SINAPI dez-24 e CDHU 192'!$A$2:$D$35393,4, FALSE) -> 2,16 | G44: =ROUND(E44*F44,2) -> 6220.8 | H44: =IF(K44="",$G$7,$G$6) -> 0.2696499 | I44: =ROUND(F44*H44+F44,2) -> 2.74 | J44: =ROUND(E44*I44,2) -> 7891.2 | L44: 2 MESES DE OBRAS, 30 DIAS POR MÊS, DUAS BOMBAS, 24 HORAS/DIA
B45: SUB-TOTAL | G45: =SUM(G44) -> 6220.8 | J45: =SUM(J44) -> 7891.2
A46: 2 | B46: SIFÃO DO CT JARDIM GIMENEZ SOB O RIBEIRÃO DO SUL | G46: =G56+G68 -> 156156.89 | J46: =J56+J68 -> 184226.74
A47: 2.1 | B47: SIFÃO - COLETOR JARDIM GIMENEZ - AV. MINÉSIO MELONI
A48: 2.1.1 | B48: TUBO DE FERRO FUNDIDO PARA ESGOTO SANITÁRIO DN 250 mm | C48: O.05.000.061110 | D48: =VLOOKUP(C48,'SINAPI dez-24 e CDHU 192'!$A$2:$D$19793,3, FALSE) -> M | E48: =8.14+26.61+8.64 -> 43.39 | F48: =VLOOKUP(C48,'SINAPI dez-24 e CDHU 192'!$A$2:$D$35393,4, FALSE) -> 859.73 | G48: =ROUND(E48*F48,2) -> 37303.68 | H48: =IF(K48="",$G$7,$G$6) -> 0.15278048 | I48: =ROUND(F48*H48+F48,2) -> 991.08 | J48: =ROUND(E48*I48,2) -> 43002.96 | K48: * | L48: TOTAL DE TUBOS
A49: 2.1.2 | B49: TUBO DE FERRO FUNDIDO PARA ESGOTO SANITÁRIO DN 300 mm | C49: O.05.000.061107 | D49: =VLOOKUP(C49,'SINAPI dez-24 e CDHU 192'!$A$2:$D$19793,3, FALSE) -> M | E49: =E48 -> 43.39 | F49: =VLOOKUP(C49,'SINAPI dez-24 e CDHU 192'!$A$2:$D$35393,4, FALSE) -> 879.7 | G49: =ROUND(E49*F49,2) -> 38170.18 | H49: =IF(K49="",$G$7,$G$6) -> 0.15278048 | I49: =ROUND(F49*H49+F49,2) -> 1014.1 | J49: =ROUND(E49*I49,2) -> 44001.8 | K49: * | L49: TOTAL DE TUBOS
A50: 2.1.3 | B50: =VLOOKUP(C50,'SINAPI dez-24 e CDHU 192'!$A$2:$C$19793,2, FALSE) -> TUBO DE PVC PARA REDE COLETORA DE ESGOTO DE PAREDE MACIÇA, DN 400 MM, JUNTA ELÁSTICA FORNECIMENTO E ASSENTAMENTO. AF_01/2021 | C50: 90700 | D50: =VLOOKUP(C50,'SINAPI dez-24 e CDHU 192'!$A$2:$D$19793,3, FALSE) -> M | E50: =15.85+48.94 -> 64.79 | F50: =VLOOKUP(C50,'SINAPI dez-24 e CDHU 192'!$A$2:$D$35393,4, FALSE) -> 617,85 | G50: =ROUND(E50*F50,2) -> 40030.5 | H50: =IF(K50="",$G$7,$G$6) -> 0.15278048 | I50: =ROUND(F50*H50+F50,2) -> 712.25 | J50: =ROUND(E50*I50,2) -> 46146.68 | K50: * | L50: TOTAL DE TUBOS
A51: 2.1.4 | B51: CURVA DE FERRO FUNDIDO 22,5º PARA ESGOTO SANITÁRIO DN 250 MM. | C51: cotação | D51: UN | E51: 2 | F51: 785 | G51: =ROUND(E51*F51,2) -> 1570 | H51: =IF(K51="",$G$7,$G$6) -> 0.15278048 | I51: =ROUND(F51*H51+F51,2) -> 904.93 | J51: =ROUND(E51*I51,2) -> 1809.86 | K51: * | L51: TOTAL DE CURVAS
A52: 2.1.5 | B52: CURVA DE FERRO FUNDIDO 22,5º PARA ESGOTO SANITÁRIO DN 300 MM. | C52: cotação | D52: UN | E52: 2 | F52: 884 | G52: =ROUND(E52*F52,2) -> 1768 | H52: =IF(K52="",$G$7,$G$6) -> 0.15278048 | I52: =ROUND(F52*H52+F52,2) -> 1019.06 | J52: =ROUND(E52*I52,2) -> 2038.12 | K52: * | L52: TOTAL DE CURVAS
A53: 2.1.6 | B53: =VLOOKUP(C53,'SINAPI dez-24 e CDHU 192'!$A$2:$C$19793,2, FALSE) -> ASSENTAMENTO DE TUBO DE FERRO FUNDIDO PARA REDE DE ÁGUA, DN 250 MM, JUNTA ELÁSTICA, INSTALADO EM LOCAL COM NÍVEL ALTO DE INTERFERÊNCIAS (NÃO INCLUI FORNECIMENTO). AF_11/2017 | C53: 97145 | D53: UN | E53: =E48 -> 43.39 | F53: =VLOOKUP(C53,'SINAPI dez-24 e CDHU 192'!$A$2:$D$35393,4, FALSE) -> 17,63 | G53: =ROUND(E53*F53,2) -> 764.97 | H53: =IF(K53="",$G$7,$G$6) -> 0.2696499 | I53: =ROUND(F53*H53+F53,2) -> 22.38 | J53: =ROUND(E53*I53,2) -> 971.07 | L53: TOTAL DE TUBOS
A54: 2.1.7 | B54: =VLOOKUP(C54,'SINAPI dez-24 e CDHU 192'!$A$2:$C$19793,2, FALSE) -> ASSENTAMENTO DE TUBO DE FERRO FUNDIDO PARA REDE DE ÁGUA, DN 300 MM, JUNTA ELÁSTICA, INSTALADO EM LOCAL COM NÍVEL ALTO DE INTERFERÊNCIAS (NÃO INCLUI FORNECIMENTO). AF_11/2017 | C54: 97146 | D54: UN | E54: =E49 -> 43.39 | F54: =VLOOKUP(C54,'SINAPI dez-24 e CDHU 192'!$A$2:$D$35393,4, FALSE) -> 20,19 | G54: =ROUND(E54*F54,2) -> 876.04 | H54: =IF(K54="",$G$7,$G$6) -> 0.2696499 | I54: =ROUND(F54*H54+F54,2) -> 25.63 | J54: =ROUND(E54*I54,2) -> 1112.09 | L54: TOTAL DE TUBOS
A55: 2.1.8 | B55: =VLOOKUP(C55,'SINAPI dez-24 e CDHU 192'!$A$2:$C$19793,2, FALSE) -> ASSENTAMENTO DE TUBO DE PVC PARA REDE COLETORA DE ESGOTO DE PAREDE MACIÇA, DN 400 MM, JUNTA ELÁSTICA (NÃO INCLUI FORNECIMENTO). AF_01/2021 | C55: 90739 | D55: UN | E55: =E50 -> 64.79 | F55: =VLOOKUP(C55,'SINAPI dez-24 e CDHU 192'!$A$2:$D$35393,4, FALSE) -> 9,48 | G55: =ROUND(E55*F55,2) -> 614.21 | H55: =IF(K55="",$G$7,$G$6) -> 0.2696499 | I55: =ROUND(F55*H55+F55,2) -> 12.04 | J55: =ROUND(E55*I55,2) -> 780.07 | L55: TOTAL DE TUBOS
B56: SUB-TOTAL | G56: =SUM(G48:G55) -> 121097.58 | J56: =SUM(J48:J55) -> 139862.65
A57: 2.2 | B57: CAIXAS DE ENTRADA/SAÍDA E BLOCOS DE ANCORAGEM EM CONCRETO
A58: 2.2.1 | B58: =VLOOKUP(C58,'SINAPI dez-24 e CDHU 192'!$A$2:$C$19793,2, FALSE) -> TAMPAO FOFO ARTICULADO, CLASSE B125 CARGA MAX 12,5 T, REDONDO, TAMPA 600 MM (COM INSCRICAO EM RELEVO DO TIPO DE REDE) | C58: 11301 | D58: =VLOOKUP(C58,'SINAPI dez-24 e CDHU 192'!$A$2:$D$19793,3, FALSE) -> UN | E58: 2 | F58: =VLOOKUP(C58,'SINAPI dez-24 e CDHU 192'!$A$2:$D$35393,4, FALSE) -> 629,09 | G58: =ROUND(E58*F58,2) -> 1258.18 | H58: =IF(K58="",$G$7,$G$6) -> 0.15278048 | I58: =ROUND(F58*H58+F58,2) -> 725.2 | J58: =ROUND(E58*I58,2) -> 1450.4 | K58: * | L58: TOTAL DE PVs
A59: 2.2.2 | B59: =VLOOKUP(C59,'SINAPI dez-24 e CDHU 192'!$A$2:$C$19793,2, FALSE) -> LASTRO DE CONCRETO MAGRO, APLICADO EM PISOS, LAJES SOBRE SOLO OU RADIERS, ESPESSURA DE 5 CM. AF_07/2016 | C59: 95241 | D59: =VLOOKUP(C59,'SINAPI dez-24 e CDHU 192'!$A$2:$D$19793,3, FALSE) -> M2 | E59: =(2*1.9*1.7)+(2*0.3*1.3) -> 7.24 | F59: =VLOOKUP(C59,'SINAPI dez-24 e CDHU 192'!$A$2:$D$35393,4, FALSE) -> 27,98 | G59: =ROUND(E59*F59,2) -> 202.58 | H59: =IF(K59="",$G$7,$G$6) -> 0.2696499 | I59: =ROUND(F59*H59+F59,2) -> 35.52 | J59: =ROUND(E59*I59,2) -> 257.16 | L59: VER PROJETO ESTRUTURAL - 2 CAIXAS + 2 BLOCOS
A60: 2.2.3 | B60: =VLOOKUP(C60,'SINAPI dez-24 e CDHU 192'!$A$2:$C$19793,2, FALSE) -> CONCRETAGEM DE EDIFICAÇÕES (PAREDES E LAJES) FEITAS COM SISTEMA DE FÔRMAS MANUSEÁVEIS, COM CONCRETO USINADO AUTOADENSÁVEL FCK 25 MPA - LANÇAMENTO E ACABAMENTO. AF_10/2021 | C60: 99235 | D60: =VLOOKUP(C60,'SINAPI dez-24 e CDHU 192'!$A$2:$D$19793,3, FALSE) -> M3 | E60: =((1.7*1.9*0.2)+(1.5*0.325*0.15)+((1.9*2.384*0.2)*2)+((1.3*2.384*0.2)*2)+(1.7*1.9*0.15))+((1.7*1.9*0.2)+(1.5*0.325*0.15)+((1.9*2.228*0.2)*2)+((1.3*2.228*0.2)*2)+(1.7*1.9*0.15))+((1.3*0.3*0.3)*2) -> 8.54461 | F60: =VLOOKUP(C60,'SINAPI dez-24 e CDHU 192'!$A$2:$D$35393,4, FALSE) -> 572,94 | G60: =ROUND(E60*F60,2) -> 4895.55 | H60: =IF(K60="",$G$7,$G$6) -> 0.2696499 | I60: =ROUND(F60*H60+F60,2) -> 727.43 | J60: =ROUND(E60*I60,2) -> 6215.61 | L60: VER PROJETO ESTRUTURAL - 2 CAIXAS + 2 BLOCOS
A61: 2.2.4 | B61: =VLOOKUP(C61,'SINAPI dez-24 e CDHU 192'!$A$2:$C$19793,2, FALSE) -> ARMAÇÃO UTILIZANDO AÇO CA-25 DE 6,3 MM - MONTAGEM. AF_06/2022 | C61: 92882 | D61: =VLOOKUP(C61,'SINAPI dez-24 e CDHU 192'!$A$2:$D$19793,3, FALSE) -> KG | E61: =10+10+4+4+3+3 -> 34 | F61: =VLOOKUP(C61,'SINAPI dez-24 e CDHU 192'!$A$2:$D$35393,4, FALSE) -> 13,05 | G61: =ROUND(E61*F61,2) -> 443.7 | H61: =IF(K61="",$G$7,$G$6) -> 0.2696499 | I61: =ROUND(F61*H61+F61,2) -> 16.57 | J61: =ROUND(E61*I61,2) -> 563.38 | L61: VER PROJETO ESTRUTURAL - 2 CAIXAS + 2 BLOCOS
A62: 2.2.5 | B62: =VLOOKUP(C62,'SINAPI dez-24 e CDHU 192'!$A$2:$C$19793,2, FALSE) -> ARMAÇÃO UTILIZANDO AÇO CA-25 DE 8,0 MM - MONTAGEM. AF_06/2022 | C62: 92883 | D62: =VLOOKUP(C62,'SINAPI dez-24 e CDHU 192'!$A$2:$D$19793,3, FALSE) -> KG | E62: =226+213+23+23 -> 485 | F62: =VLOOKUP(C62,'SINAPI dez-24 e CDHU 192'!$A$2:$D$35393,4, FALSE) -> 11,84 | G62: =ROUND(E62*F62,2) -> 5742.4 | H62: =IF(K62="",$G$7,$G$6) -> 0.2696499 | I62: =ROUND(F62*H62+F62,2) -> 15.03 | J62: =ROUND(E62*I62,2) -> 7289.55 | L62: VER PROJETO ESTRUTURAL - 2 CAIXAS + 2 BLOCOS
A63: 2.2.6 | B63: =VLOOKUP(C63,'SINAPI dez-24 e CDHU 192'!$A$2:$C$19793,2, FALSE) -> ARMAÇÃO UTILIZANDO AÇO CA-25 DE 10,0 MM - MONTAGEM. AF_06/2022 | C63: 92884 | D63: =VLOOKUP(C63,'SINAPI dez-24 e CDHU 192'!$A$2:$D$19793,3, FALSE) -> KG | E63: =19+19+13+13+12+12 -> 88 | F63: =VLOOKUP(C63,'SINAPI dez-24 e CDHU 192'!$A$2:$D$35393,4, FALSE) -> 11,82 | G63: =ROUND(E63*F63,2) -> 1040.16 | H63: =IF(K63="",$G$7,$G$6) -> 0.2696499 | I63: =ROUND(F63*H63+F63,2) -> 15.01 | J63: =ROUND(E63*I63,2) -> 1320.88 | L63: VER PROJETO ESTRUTURAL - 2 CAIXAS + 2 BLOCOS
A64: 2.2.7 | B64: =VLOOKUP(C64,'SINAPI dez-24 e CDHU 192'!$A$2:$C$19793,2, FALSE) -> ARMAÇÃO UTILIZANDO AÇO CA-25 DE 12,5 MM - MONTAGEM. AF_06/2022 | C64: 92885 | D64: =VLOOKUP(C64,'SINAPI dez-24 e CDHU 192'!$A$2:$D$19793,3, FALSE) -> KG | E64: =21+21+8+8 -> 58 | F64: =VLOOKUP(C64,'SINAPI dez-24 e CDHU 192'!$A$2:$D$35393,4, FALSE) -> 11,13 | G64: =ROUND(E64*F64,2) -> 645.54 | H64: =IF(K64="",$G$7,$G$6) -> 0.2696499 | I64: =ROUND(F64*H64+F64,2) -> 14.13 | J64: =ROUND(E64*I64,2) -> 819.54 | L64: VER PROJETO ESTRUTURAL - 2 CAIXAS + 2 BLOCOS
A65: 2.2.8 | B65: =VLOOKUP(C65,'SINAPI dez-24 e CDHU 192'!$A$2:$C$19793,2, FALSE) -> ARMAÇÃO UTILIZANDO AÇO CA-25 DE 16,0 MM - MONTAGEM. AF_06/2022 | C65: 92886 | D65: =VLOOKUP(C65,'SINAPI dez-24 e CDHU 192'!$A$2:$D$19793,3, FALSE) -> KG | E65: =49+49 -> 98 | F65: =VLOOKUP(C65,'SINAPI dez-24 e CDHU 192'!$A$2:$D$35393,4, FALSE) -> 10,55 | G65: =ROUND(E65*F65,2) -> 1033.9 | H65: =IF(K65="",$G$7,$G$6) -> 0.2696499 | I65: =ROUND(F65*H65+F65,2) -> 13.39 | J65: =ROUND(E65*I65,2) -> 1312.22 | L65: VER PROJETO ESTRUTURAL - 2 CAIXAS + 2 BLOCOS
A66: 2.2.9 | B66: =VLOOKUP(C66,'SINAPI dez-24 e CDHU 192'!$A$2:$C$19793,2, FALSE) -> FABRICAÇÃO DE FÔRMA PARA PILARES E ESTRUTURAS SIMILARES, EM CHAPA DE MADEIRA COMPENSADA RESINADA, E = 17 MM. AF_09/2020 | C66: 92263 | D66: =VLOOKUP(C66,'SINAPI dez-24 e CDHU 192'!$A$2:$D$19793,3, FALSE) -> M2 | E66: =((1.5*0.325*2)+((1.9*2.384)*2)+((1.5*2.384)*2)+((1.3*2.384)*2)+((1.1*2.384)*2)+(1.7*1.9)+(1.7+1.9*0.15*2))+((1.5*0.325*2)+((1.9*2.228)*2)+((1.5*2.228)*2)+((1.3*2.228)*2)+((1.1*2.228)*2)+(1.7*1.9)+(1.7+1.9*0.15*2))+((((1.3*0.3)+(1.3*0.3))*2)*2) -> 69.5692 | F66: =VLOOKUP(C66,'SINAPI dez-24 e CDHU 192'!$A$2:$D$35393,4, FALSE) -> 149,99 | G66: =ROUND(E66*F66,2) -> 10434.68 | H66: =IF(K66="",$G$7,$G$6) -> 0.2696499 | I66: =ROUND(F66*H66+F66,2) -> 190.43 | J66: =ROUND(E66*I66,2) -> 13248.06 | L66: VER PROJETO ESTRUTURAL - 2 CAIXAS + 2 BLOCOS
A67: 2.2.10 | B67: =VLOOKUP(C67,'SINAPI dez-24 e CDHU 192'!$A$2:$C$19793,2, FALSE) -> MONTAGEM E DESMONTAGEM DE FÔRMA DE PILARES RETANGULARES E ESTRUTURAS SIMILARES, PÉ-DIREITO SIMPLES, EM CHAPA DE MADEIRA COMPENSADA RESINADA, 2 UTILIZAÇÕES. AF_09/2020 | C67: 92415 | D67: =VLOOKUP(C67,'SINAPI dez-24 e CDHU 192'!$A$2:$D$19793,3, FALSE) -> M2 | E67: =E66 -> 69.5692 | F67: =VLOOKUP(C67,'SINAPI dez-24 e CDHU 192'!$A$2:$D$35393,4, FALSE) -> 134,58 | G67: =ROUND(E67*F67,2) -> 9362.62 | H67: =IF(K67="",$G$7,$G$6) -> 0.2696499 | I67: =ROUND(F67*H67+F67,2) -> 170.87 | J67: =ROUND(E67*I67,2) -> 11887.29 | L67: VER PROJETO ESTRUTURAL - 2 CAIXAS + 2 BLOCOS
B68: SUB-TOTAL | G68: =SUM(G58:G67) -> 35059.31 | J68: =SUM(J58:J67) -> 44364.09
B71: SAEMAS - SERTÃOZINHO | G71: ENG Consultoria e Projetos Ltda.
G72: Pedro Ivo de Almeida Santos
G73: CREA: 5061115668 ART: 28027230200660096

Sheet CFF JGZ SIF
A1: CRONOGRAMA FÍSICO-FINANCEIRO DOS PROJETOS DOS SIFÕES INVERTIDOS 1 E 2 SOB O RIBEIRÃO DO SUL - SERTÃOZINHO-SP | J1: X
A2: ITEM | F2: c/ BDI | J2: X
A3: 1 | B3: =B9 -> SERVIÇOS GERAIS | F3: ='ORC JGZ SIF'!$J$3 -> 185355.5 | J3: X | P3: ADM | Q3: =#REF!/I5 -> #REF! | R3: <3%
A4: 3 | B4: =B17 -> SIFÃO DO CT JARDIM GIMENEZ SOB O RIBEIRÃO DO SUL | F4: ='ORC JGZ SIF'!$J$4 -> 184226.74 | J4: X | P4: PROJTEC | Q4: =#REF!/#REF! -> #REF! | R4: >2,5%
B5: TOTAL DA OBRA | F5: =SUM(F3:F4) -> 369582.24 | J5: X | M5: 6 | N5: KM
A6: DATA BASE: SINAPI ABR/2020 E CPOS 177 | E6: BDI - MATERIAL | F6: ='BDI JGZ SIF'!C36 -> 0.15278048 | J6: X | M6: 25 | N6: KM
E7: BDI - SERVIÇOS | F7: ='BDI JGZ SIF'!C18 -> 0.2696499 | J7: X | M7: 8 | N7: KM | Q7: =#REF!*2.5% -> #REF!
A8: ITEM | B8: DESCRIÇÃO | C8: PREÇO TOTAL C/ BDI (R$) | D8: PRAZO DE EXECUÇÃO (MESES) | E8: MÊS 1 | F8: MÊS 2 | J8: X | K8: INSUMO OU SERVIÇO | N8: =IF(L8<0.04,"ok","ALERTA") -> ok | Q8: =Q7/1.294 -> #REF!
A9: 1 | B9: SERVIÇOS GERAIS
A10: 1.1 | B10: ='ORC JGZ SIF'!B10 -> GERAL | C10: ='ORC JGZ SIF'!$J$14 -> 12347.3 | D10: 2 | E10: =C10/D10 -> 6173.65 | F10: =E10 -> 6173.65
A11: 1.2 | B11: ='ORC JGZ SIF'!B15 -> DEMOLIÇÕES, RECOMPOSISÇÕES E LIMPEZA DO TERRENO | C11: ='ORC JGZ SIF'!$J$24 -> 8546.71 | D11: 1 | E11: =C11/D11 -> 8546.71
A12: 1.3 | B12: ='ORC JGZ SIF'!B25 -> SERVIÇOS PRELIMINARES | C12: ='ORC JGZ SIF'!$J$28 -> 33026.66 | D12: 1 | E12: =C12/D12 -> 33026.66
A13: 1.4 | B13: ='ORC JGZ SIF'!B29 -> MOVIMENTO DE TERRA | C13: ='ORC JGZ SIF'!$J$36 -> 17284.97 | D13: 2 | E13: =C13/D13 -> 8642.485 | F13: =E13 -> 8642.485
A14: 1.5 | B14: ='ORC JGZ SIF'!B37 -> EMBASAMENTO | C14: ='ORC JGZ SIF'!$J$39 -> 70983.84 | D14: 2 | E14: =C14/D14 -> 35491.92 | F14: =E14 -> 35491.92
A15: 1.6 | B15: ='ORC JGZ SIF'!B40 -> ESCORAMENTO | C15: ='ORC JGZ SIF'!$J$42 -> 35274.82 | D15: 2 | E15: =C15/D15 -> 17637.41 | F15: =E15 -> 17637.41
A16: 1.7 | B16: ='ORC JGZ SIF'!B43 -> ESGOTAMENTO | C16: ='ORC JGZ SIF'!$J$45 -> 7891.2 | D16: 2 | E16: =C16/D16 -> 3945.6 | F16: =E16 -> 3945.6
A17: 2 | B17: ='ORC JGZ SIF'!B46 -> SIFÃO DO CT JARDIM GIMENEZ SOB O RIBEIRÃO DO SUL
A18: 2.1 | B18: ='ORC JGZ SIF'!B47 -> SIFÃO - COLETOR JARDIM GIMENEZ - AV. MINÉSIO MELONI | C18: ='ORC JGZ SIF'!J56 -> 139862.65 | D18: 2 | E18: =C18/D18 -> 69931.325 | F18: =E18 -> 69931.325
A19: 2.2 | B19: ='ORC JGZ SIF'!B57 -> CAIXAS DE ENTRADA/SAÍDA E BLOCOS DE ANCORAGEM EM CONCRETO | C19: ='ORC JGZ SIF'!J68 -> 44364.09 | D19: 2 | E19: =C19/D19 -> 22182.045 | F19: =E19 -> 22182.045
B20: TOTAL MENSAL (R$) | E20: =SUM(E10:E19) -> 205577.81 | F20: =SUM(F10:F19) -> 164004.44
B21: TOTAL ACUMULADO (R$) | C21: =SUM(C10:C19) -> 369582.24 | E21: =E20 -> 205577.81 | F21: =F20+E21 -> 369582.24 | G21: =F21-'ORC JGZ SIF'!$J$5 -> 0
B24: SAEMAS - SERTÃOZINHO | E24: ENG Consultoria e Projetos Ltda.
E25: Pedro Ivo de Almeida Santos
E26: CREA: 5061115668 ART: 28027230200660096

Sheet MCQ JGZ SIF
A1: MEMORIAL DE CÁLCULO DE QUANTIATIVOS DAS OBRAS DO SIFÃO DO CT JARDIM GIMENEZ SOB O RIBEIRÃO DO SUL - SERTÃOZINHO-SP | K1: X
A2: ITEM | G2: S/ BDI | H2: BDI conforme acórdão 2369/2011 | J2: C/ BDI | K2: X
A3: 1 | B3: =B9 -> SERVIÇOS GERAIS | G3: =G9 -> 148633.33 | J3: =J9 -> 185355.5 | K3: X | Q3: ADM | R3: =J11/J5 -> 0.017176799 | S3: <3%
A4: 2 | B4: =B46 -> SIFÃO DO CT JARDIM GIMENEZ SOB O RIBEIRÃO DO SUL | G4: =G46 -> 156156.89 | J4: =J46 -> 184226.74 | K4: X | Q4: PROJTEC | R4: =#REF!/#REF! -> #REF! | S4: >2,5%
B5: TOTAL DA OBRA | G5: =SUM(G3:G4) -> 304790.22 | J5: =SUM(J3:J4) -> 369582.24 | K5: X | N5: 6 | O5: KM
A6: DATA BASE: SINAPI DEZ/2023 E CDHU 192 | F6: BDI - MATERIAL | G6: ='BDI JGZ SIF'!C36 -> 0.15278048 | K6: X | N6: 25 | O6: KM
F7: BDI - SERVIÇOS | G7: ='BDI JGZ SIF'!C18 -> 0.2696499 | K7: X | N7: 8 | O7: KM | R7: =#REF!*2.5% -> #REF!
A8: ITEM | B8: DESCRIÇÃO | C8: CÓDIGO | D8: UNID. | E8: QTDE. | F8: CUSTO UNITÁRIO (SEM BDI) - R$ | G8: CUSTO TOTAL R$ | H8: % BDI | I8: PREÇO UNITÁRIO C/ BDI (R$) | J8: PREÇO TOTAL C/ BDI (R$) | K8: X | L8: INSUMO OU SERVIÇO | O8: =IF(M8<0.04,"ok","ALERTA") -> ok | R8: =R7/1.294 -> #REF!
A9: 1 | B9: SERVIÇOS GERAIS | G9: =G14+G24+G28+G36+G39+G42+G45 -> 148633.33 | J9: =J14+J24+J28+J36+J39+J42+J45 -> 185355.5
A10: 1.1 | B10: GERAL
A11: 1.1.1 | B11: ADMINISTRACAO LOCAL DA OBRA | C11: SSM_AdmLocal | D11: MÊS | E11: 2 | F11: 2500 | G11: =ROUND(E11*F11,2) -> 5000 | H11: =IF(K11="",$G$7,$G$6) -> 0.2696499 | I11: =ROUND(F11*H11+F11,2) -> 3174.12 | J11: =ROUND(E11*I11,2) -> 6348.24 | L11: DURAÇÃO DAS OBRAS (2 MESES)
A12: 1.1.2 | B12: =VLOOKUP(C12,'SINAPI dez-24 e CDHU 192'!$A$2:$C$19793,2, FALSE) -> LOCACAO DE CONTAINER 2,30 X 6,00 M, ALT. 2,50 M, COM 1 SANITARIO, PARA ESCRITORIO, COMPLETO, SEM DIVISORIAS INTERNAS (NAO INCLUI MOBILIZACAO/DESMOBILIZACAO) | C12: 10775 | D12: =VLOOKUP(C12,'SINAPI dez-24 e CDHU 192'!$A$2:$D$19793,3, FALSE) -> MES | E12: =E11 -> 2 | F12: =VLOOKUP(C12,'SINAPI dez-24 e CDHU 192'!$A$2:$D$35393,4, FALSE) -> 862,50 | G12: =ROUND(E12*F12,2) -> 1725 | H12: =IF(K12="",$G$7,$G$6) -> 0.2696499 | I12: =ROUND(F12*H12+F12,2) -> 1095.07 | J12: =ROUND(E12*I12,2) -> 2190.14 | L12: DURAÇÃO DAS OBRAS (2 MESES)
A13: 1.1.4 | B13: =VLOOKUP(C13,'SINAPI dez-24 e CDHU 192'!$A$2:$C$19793,2, FALSE) -> PLACA DE OBRA (PARA CONSTRUCAO CIVIL) EM CHAPA GALVANIZADA *N. 22*, ADESIVADA, DE *2,4 X 1,2* M (SEM POSTES PARA FIXACAO) | C13: 4813 | D13: =VLOOKUP(C13,'SINAPI dez-24 e CDHU 192'!$A$2:$D$19793,3, FALSE) -> M2 | E13: =4*3 -> 12 | F13: =VLOOKUP(C13,'SINAPI dez-24 e CDHU 192'!$A$2:$D$35393,4, FALSE) -> 250,00 | G13: =ROUND(E13*F13,2) -> 3000 | H13: =IF(K13="",$G$7,$G$6) -> 0.2696499 | I13: =ROUND(F13*H13+F13,2) -> 317.41 | J13: =ROUND(E13*I13,2) -> 3808.92 | L13: UMA PLACA COM 3 mM DE ALTURA POR 4 m DE LARGURA
B14: SUB-TOTAL | G14: =SUM(G11:G13) -> 9725 | J14: =SUM(J11:J13) -> 12347.3
A15: 1.2 | B15: DEMOLIÇÕES, RECOMPOSISÇÕES E LIMPEZA DO TERRENO
A16: 1.2.1 | B16: =VLOOKUP(C16,'SINAPI dez-24 e CDHU 192'!$A$2:$C$19793,2, FALSE) -> LIMPEZA MECANIZADA DE CAMADA VEGETAL, VEGETAÇÃO E PEQUENAS ÁRVORES (DIÂMETRO DE TRONCO MENOR QUE 0,20 M), COM TRATOR DE ESTEIRAS.AF_05/2018 | C16: 98525 | D16: =VLOOKUP(C16,'SINAPI dez-24 e CDHU 192'!$A$2:$D$19793,3, FALSE) -> M2 | E16: 156.19 | F16: =VLOOKUP(C16,'SINAPI dez-24 e CDHU 192'!$A$2:$D$35393,4, FALSE) -> 0,41 | G16: =ROUND(E16*F16,2) -> 64.04 | H16: =IF(K16="",$G$7,$G$6) -> 0.2696499 | I16: =ROUND(F16*H16+F16,2) -> 0.52 | J16: =ROUND(E16*I16,2) -> 81.22 | L16: VER DESENHO MCQ - LIMPEZA
A17: 1.2.2 | B17: =VLOOKUP(C17,'SINAPI dez-24 e CDHU 192'!$A$2:$C$19793,2, FALSE) -> RECOMPOSIÇÃO DE REVESTIMENTO EM CONCRETO ASFÁLTICO (AQUISIÇÃO EM USINA), PARA O FECHAMENTO DE VALAS - INCLUSO DEMOLIÇÃO DO PAVIMENTO. AF_12/2020 | C17: 102098 | D17: =VLOOKUP(C17,'SINAPI dez-24 e CDHU 192'!$A$2:$D$19793,3, FALSE) -> M3 | E17: =7.27*0.15 -> 1.0905 | F17: =VLOOKUP(C17,'SINAPI dez-24 e CDHU 192'!$A$2:$D$35393,4, FALSE) -> 1.916,22 | G17: =ROUND(E17*F17,2) -> 2089.64 | H17: =IF(K17="",$G$7,$G$6) -> 0.2696499 | I17: =ROUND(F17*H17+F17,2) -> 2432.93 | J17: =ROUND(E17*I17,2) -> 2653.11 | L17: VER DESENHO MCQ - DEMOLI PAV. ASFALTICO
A18: 1.2.3 | B18: =VLOOKUP(C18,'SINAPI dez-24 e CDHU 192'!$A$2:$C$19793,2, FALSE) -> DEMOLIÇÃO DE PISO DE CONCRETO SIMPLES, DE FORMA MECANIZADA COM MARTELETE, SEM REAPROVEITAMENTO. AF_09/2023 | C18: 104790 | D18: =VLOOKUP(C18,'SINAPI dez-24 e CDHU 192'!$A$2:$D$19793,3, FALSE) -> M3 | E18: =7.84*0.1 -> 0.784 | F18: =VLOOKUP(C18,'SINAPI dez-24 e CDHU 192'!$A$2:$D$35393,4, FALSE) -> 113,50 | G18: =ROUND(E18*F18,2) -> 88.98 | H18: =IF(K18="",$G$7,$G$6) -> 0.2696499 | I18: =ROUND(F18*H18+F18,2) -> 144.11 | J18: =ROUND(E18*I18,2) -> 112.98 | L18: VER DESENHO MCQ - DEMOLI PASSEIO
A19: 1.2.4 | B19: =VLOOKUP(C19,'SINAPI dez-24 e CDHU 192'!$A$2:$C$19793,2, FALSE) -> EXECUÇÃO DE PASSEIO (CALÇADA) OU PISO DE CONCRETO COM CONCRETO MOLDADO IN LOCO, USINADO C20, ACABAMENTO CONVENCIONAL, NÃO ARMADO. AF_08/2022 | C19: 94991 | D19: =VLOOKUP(C19,'SINAPI dez-24 e CDHU 192'!$A$2:$D$19793,3, FALSE) -> M3 | E19: =E18 -> 0.784 | F19: =VLOOKUP(C19,'SINAPI dez-24 e CDHU 192'!$A$2:$D$35393,4, FALSE) -> 650,02 | G19: =ROUND(E19*F19,2) -> 509.62 | H19: =IF(K19="",$G$7,$G$6) -> 0.2696499 | I19: =ROUND(F19*H19+F19,2) -> 825.3 | J19: =ROUND(E19*I19,2) -> 647.04 | L19: RECOMPOSIÇÃO DO PASSEIO DEMOLIDO
A20: 1.2.5 | B20: =VLOOKUP(C20,'SINAPI dez-24 e CDHU 192'!$A$2:$C$19793,2, FALSE) -> CARGA, MANOBRA E DESCARGA DE ENTULHO EM CAMINHÃO BASCULANTE 10 M³ - CARGA COM ESCAVADEIRA HIDRÁULICA (CAÇAMBA DE 0,80 M³ / 111 HP) E DESCARGA LIVRE (UNIDADE: M3). AF_07/2020 | C20: 100982 | D20: =VLOOKUP(C20,'SINAPI dez-24 e CDHU 192'!$A$2:$D$19793,3, FALSE) -> M3 | E20: =((E16)*1.2)*0.2+E17*1.25+E18*1.25 -> 39.828725 | F20: =VLOOKUP(C20,'SINAPI dez-24 e CDHU 192'!$A$2:$D$35393,4, FALSE) -> 9,19 | G20: =ROUND(E20*F20,2) -> 366.03 | H20: =IF(K20="",$G$7,$G$6) -> 0.2696499 | I20: =ROUND(F20*H20+F20,2) -> 11.67 | J20: =ROUND(E20*I20,2) -> 464.8 | L20: SOMA DAS ÁREAS DE LIMPEZA x 1,2 (EMPOLAMENTO) x 0,20 m3/m2 + DEMOLIÇÃO ASFALTO x 1,25 (EMPOLAM) + DEMOLIÇÃO PASSEIO x 1,25 (EMPOLAM)
A21: 1.2.6 | B21: =VLOOKUP(C21,'SINAPI dez-24 e CDHU 192'!$A$2:$C$19793,2, FALSE) -> TRANSPORTE COM CAMINHÃO BASCULANTE DE 10 M³, EM VIA URBANA EM LEITO NATURAL (UNIDADE: M3XKM). AF_07/2020 | C21: 93588 | D21: =VLOOKUP(C21,'SINAPI dez-24 e CDHU 192'!$A$2:$D$19793,3, FALSE) -> M3XKM | E21: =E20*$N$5 -> 238.97235 | F21: =VLOOKUP(C21,'SINAPI dez-24 e CDHU 192'!$A$2:$D$35393,4, FALSE) -> 3,21 | G21: =ROUND(E21*F21,2) -> 767.1 | H21: =IF(K21="",$G$7,$G$6) -> 0.2696499 | I21: =ROUND(F21*H21+F21,2) -> 4.08 | J21: =ROUND(E21*I21,2) -> 975.01 | L21: TOTAL CARREGADO x DISTÂNCIA ATÉ O BOTA-FORA (6,0 KM)
A22: 1.2.7 | B22: =VLOOKUP(C22,'SINAPI dez-24 e CDHU 192'!$A$2:$C$19793,2, FALSE) -> ESPALHAMENTO DE MATERIAL COM TRATOR DE ESTEIRAS. AF_11/2019 | C22: 100574 | D22: =VLOOKUP(C22,'SINAPI dez-24 e CDHU 192'!$A$2:$D$19793,3, FALSE) -> M3 | E22: =E20 -> 39.828725 | F22: =VLOOKUP(C22,'SINAPI dez-24 e CDHU 192'!$A$2:$D$35393,4, FALSE) -> 1,45 | G22: =ROUND(E22*F22,2) -> 57.75 | H22: =IF(K22="",$G$7,$G$6) -> 0.2696499 | I22: =ROUND(F22*H22+F22,2) -> 1.84 | J22: =ROUND(E22*I22,2) -> 73.28 | L22: TOTAL CARREGADO
A23: 1.2.8 | B23: =VLOOKUP(C23,'SINAPI dez-24 e CDHU 192'!$A$2:$C$19793,2, FALSE) -> PLANTIO DE GRAMA BATATAIS EM PLACAS. AF_05/2018 | C23: 98504 | D23: =VLOOKUP(C23,'SINAPI dez-24 e CDHU 192'!$A$2:$D$19793,3, FALSE) -> M2 | E23: =E16 -> 156.19 | F23: =VLOOKUP(C23,'SINAPI dez-24 e CDHU 192'!$A$2:$D$35393,4, FALSE) -> 17,85 | G23: =ROUND(E23*F23,2) -> 2787.99 | H23: =IF(K23="",$G$7,$G$6) -> 0.2696499 | I23: =ROUND(F23*H23+F23,2) -> 22.66 | J23: =ROUND(E23*I23,2) -> 3539.27 | L23: TOTAL DE GRAMA APÓS FECHAMENTO DAS VALAS
B24: SUB-TOTAL | G24: =SUM(G16:G23) -> 6731.15 | J24: =SUM(J16:J23) -> 8546.71
A25: 1.3 | B25: SERVIÇOS PRELIMINARES
A26: 1.3.1 | B26: =VLOOKUP(C26,'SINAPI dez-24 e CDHU 192'!$A$2:$C$19793,2, FALSE) -> LOCAÇÃO DE REDE DE ÁGUA OU ESGOTO. AF_10/2018 | C26: 99063 | D26: =VLOOKUP(C26,'SINAPI dez-24 e CDHU 192'!$A$2:$D$19793,3, FALSE) -> M | E26: =E48+E50+E49 -> 151.57 | F26: =VLOOKUP(C26,'SINAPI dez-24 e CDHU 192'!$A$2:$D$35393,4, FALSE) -> 5,76 | G26: =ROUND(E26*F26,2) -> 873.04 | H26: =IF(L26="",$G$7,$G$6) -> 0.15278048 | I26: =ROUND(F26*H26+F26,2) -> 6.64 | J26: =ROUND(E26*I26,2) -> 1006.42 | L26: TOTAL DAS EXTENSÕES DOS SIFÕES E DA REDE DE DESVIO DO CT JD. GIMENEZ
A27: 1.3.2 | B27: PAREDE ENSECADEIRA C/PRANCHA-ESP.0,075M (DER-SP) | C27: 25.03.02 | D27: M2 | E27: =25.67*2 -> 51.34 | F27: =730.39/1.35 -> 541.02963 | G27: =ROUND(E27*F27,2) -> 27776.46 | H27: =IF(L27="",$G$7,$G$6) -> 0.15278048 | I27: =ROUND(F27*H27+F27,2) -> 623.69 | J27: =ROUND(E27*I27,2) -> 32020.24 | L27: VER DESENHO MCQ - 25,67 METROS DE COMPRIMENTO DE ENSECADEIRAS PARA O RIBEIRÃO x 2,00 M DE ALTURA DA ENSECADEIRA (CONSIDERADA A REUTILIZAÇÃO NA OUTRA MARGEM)
B28: SUB-TOTAL | G28: =SUM(G26:G27) -> 28649.5 | J28: =SUM(J26:J27) -> 33026.66
A29: 1.4 | B29: MOVIMENTO DE TERRA
A30: 1.4.1 | B30: =VLOOKUP(C30,'SINAPI dez-24 e CDHU 192'!$A$2:$C$19793,2, FALSE) -> ESCAVAÇÃO MECANIZADA DE VALA COM PROFUNDIDADE MAIOR QUE 1,5 M ATÉ 3,0 M (MÉDIA MONTANTE E JUSANTE/UMA COMPOSIÇÃO POR TRECHO), RETROESCAV. (0,26 M3), LARGURA MENOR QUE 0,8 M, EM SOLO DE 1A CATEGORIA, LOCAIS COM BAIXO NÍVEL DE INTERFERÊNCIA. AF_02/2021 | C30: 90107 | D30: =VLOOKUP(C30,'SINAPI dez-24 e CDHU 192'!$A$2:$D$19793,3, FALSE) -> M3 | E30: =(E48*2)*2.25+(E50*1.5)*2.75 -> 462.51375 | F30: =VLOOKUP(C30,'SINAPI dez-24 e CDHU 192'!$A$2:$D$35393,4, FALSE) -> 7,57 | G30: =ROUND(E30*F30,2) -> 3501.23 | H30: =IF(K30="",$G$7,$G$6) -> 0.2696499 | I30: =ROUND(F30*H30+F30,2) -> 9.61 | J30: =ROUND(E30*I30,2) -> 4444.76 | L30: LARGURA DA VALA NO SIFÃO = 2,0 M e LARGURA DA VALA NO COLETOR = 1,75 M
A31: 1.4.2 | B31: =VLOOKUP(C31,'SINAPI dez-24 e CDHU 192'!$A$2:$C$19793,2, FALSE) -> REATERRO MANUAL DE VALAS, COM COMPACTADOR DE SOLOS DE PERCUSSÃO. AF_08/2023 | C31: 93382 | D31: =VLOOKUP(C31,'SINAPI dez-24 e CDHU 192'!$A$2:$D$19793,3, FALSE) -> M3 | E31: =(E26*0.25*1) -> 37.8925 | F31: =VLOOKUP(C31,'SINAPI dez-24 e CDHU 192'!$A$2:$D$35393,4, FALSE) -> 28,73 | G31: =ROUND(E31*F31,2) -> 1088.65 | H31: =IF(K31="",$G$7,$G$6) -> 0.2696499 | I31: =ROUND(F31*H31+F31,2) -> 36.48 | J31: =ROUND(E31*I31,2) -> 1382.32 | L31: IGUAL AO TOTAL ESCAVADO x 25% DE REATERRO MANUAL
A32: 1.4.3 | B32: =VLOOKUP(C32,'SINAPI dez-24 e CDHU 192'!$A$2:$C$19793,2, FALSE) -> REATERRO MECANIZADO DE VALA COM ESCAVADEIRA HIDRÁULICA (CAPACIDADE DA CAÇAMBA: 0,8 M³/POTÊNCIA: 111 HP), LARGURA ATÉ 1,5 M, PROFUNDIDADE DE 1,5 A 3,0 M, COM SOLO (SEM SUBSTITUIÇÃO) DE 1ª CATEGORIA, COM COMPACTADOR DE SOLOS DE PERCUSSÃO. AF_08/2023 | C32: 93368 | D32: =VLOOKUP(C32,'SINAPI dez-24 e CDHU 192'!$A$2:$D$19793,3, FALSE) -> M3 | E32: =(E30-E31-(((PI()*0.5^2)/4)*E50)-(((PI()*0.33^2)/4)*E48)-(((PI()*0.45^2)/4)*E49)) -> 401.28774 | F32: =VLOOKUP(C32,'SINAPI dez-24 e CDHU 192'!$A$2:$D$35393,4, FALSE) -> 20,41 | G32: =ROUND(E32*F32,2) -> 8190.28 | H32: =IF(K32="",$G$7,$G$6) -> 0.2696499 | I32: =ROUND(F32*H32+F32,2) -> 25.91 | J32: =ROUND(E32*I32,2) -> 10397.37 | L32: IGUAL AO TOTAL ESCAVADO - TOTAL REATERRO MANUAL - VOLUMES DOS TUBOS
A33: 1.4.4 | B33: =VLOOKUP(C33,'SINAPI dez-24 e CDHU 192'!$A$2:$C$19793,2, FALSE) -> CARGA, MANOBRA E DESCARGA DE SOLOS E MATERIAIS GRANULARES EM CAMINHÃO BASCULANTE 6 M³ - CARGA COM ESCAVADEIRA HIDRÁULICA (CAÇAMBA DE 1,20 M³ / 155 HP) E DESCARGA LIVRE (UNIDADE: M3). AF_07/2020 | C33: 100977 | D33: =VLOOKUP(C33,'SINAPI dez-24 e CDHU 192'!$A$2:$D$19793,3, FALSE) -> M3 | E33: =((E30)-(E31+E32))*1.25 -> 29.166886 | F33: =VLOOKUP(C33,'SINAPI dez-24 e CDHU 192'!$A$2:$D$35393,4, FALSE) -> 7,91 | G33: =ROUND(E33*F33,2) -> 230.71 | H33: =IF(K33="",$G$7,$G$6) -> 0.2696499 | I33: =ROUND(F33*H33+F33,2) -> 10.04 | J33: =ROUND(E33*I33,2) -> 292.84 | L33: IGUAL AO TOTAL ESCAVADO - TOTAL REATERRADO x 1,25 (EMPOLAMENTO)
A34: 1.4.5 | B34: =VLOOKUP(C34,'SINAPI dez-24 e CDHU 192'!$A$2:$C$19793,2, FALSE) -> TRANSPORTE COM CAMINHÃO BASCULANTE DE 10 M³, EM VIA URBANA EM LEITO NATURAL (UNIDADE: M3XKM). AF_07/2020 | C34: 93588 | D34: =VLOOKUP(C34,'SINAPI dez-24 e CDHU 192'!$A$2:$D$19793,3, FALSE) -> M3XKM | E34: =E33*$N$5 -> 175.00132 | F34: =VLOOKUP(C34,'SINAPI dez-24 e CDHU 192'!$A$2:$D$35393,4, FALSE) -> 3,21 | G34: =ROUND(E34*F34,2) -> 561.75 | H34: =IF(K34="",$G$7,$G$6) -> 0.2696499 | I34: =ROUND(F34*H34+F34,2) -> 4.08 | J34: =ROUND(E34*I34,2) -> 714.01 | L34: TOTAL CARREGADO x DISTÂNCIA ATÉ O BOTA-FORA (6,0 KM)
A35: 1.4.6 | B35: =VLOOKUP(C35,'SINAPI dez-24 e CDHU 192'!$A$2:$C$19793,2, FALSE) -> ESPALHAMENTO DE MATERIAL COM TRATOR DE ESTEIRAS. AF_11/2019 | C35: 100574 | D35: =VLOOKUP(C35,'SINAPI dez-24 e CDHU 192'!$A$2:$D$19793,3, FALSE) -> M3 | E35: =E33 -> 29.166886 | F35: =VLOOKUP(C35,'SINAPI dez-24 e CDHU 192'!$A$2:$D$35393,4, FALSE) -> 1,45 | G35: =ROUND(E35*F35,2) -> 42.29 | H35: =IF(K35="",$G$7,$G$6) -> 0.2696499 | I35: =ROUND(F35*H35+F35,2) -> 1.84 | J35: =ROUND(E35*I35,2) -> 53.67 | L35: TOTAL CARREGADO
B36: SUB-TOTAL | G36: =SUM(G30:G35) -> 13614.91 | J36: =SUM(J30:J35) -> 17284.97
A37: 1.5 | B37: EMBASAMENTO
A38: 1.5.1 | B38: =VLOOKUP(C38,'SINAPI dez-24 e CDHU 192'!$A$2:$C$19793,2, FALSE) -> PREPARO DE FUNDO DE VALA COM LARGURA MAIOR OU IGUAL A 1,5 M E MENOR QUE 2,5 M, COM CAMADA DE AREIA, LANÇAMENTO MANUAL. AF_08/2020 | C38: 101620 | D38: =VLOOKUP(C38,'SINAPI dez-24 e CDHU 192'!$A$2:$D$19793,3, FALSE) -> M3 | E38: =(E48+E49)*2+E50*1.75 -> 286.9425 | F38: =VLOOKUP(C38,'SINAPI dez-24 e CDHU 192'!$A$2:$D$35393,4, FALSE) -> 194,84 | G38: =ROUND(E38*F38,2) -> 55907.88 | H38: =IF(K38="",$G$7,$G$6) -> 0.2696499 | I38: =ROUND(F38*H38+F38,2) -> 247.38 | J38: =ROUND(E38*I38,2) -> 70983.84 | L38: IGUAL AO TOTAL DE REDES x LARGURA MÉDIA DAS VALAS (2,00 m - SIFOES; 1,75 m CT JD. GIMENEZ)
B39: SUB-TOTAL | G39: =SUM(G38:G38) -> 55907.88 | J39: =SUM(J38:J38) -> 70983.84
A40: 1.6 | B40: ESCORAMENTO
A41: 1.6.1 | B41: =VLOOKUP(C41,'SINAPI dez-24 e CDHU 192'!$A$2:$C$19793,2, FALSE) -> ESCORAMENTO DE VALA, TIPO DESCONTÍNUO, COM PROFUNDIDADE DE 1,5 A 3,0 M, LARGURA MAIOR OU IGUAL A 1,5 M E MENOR QUE 2,5 M. AF_08/2020 | C41: 101579 | D41: =VLOOKUP(C41,'SINAPI dez-24 e CDHU 192'!$A$2:$D$19793,3, FALSE) -> M2 | E41: =(E48*2.25*2+E50*2.75*2) -> 551.6 | F41: =VLOOKUP(C41,'SINAPI dez-24 e CDHU 192'!$A$2:$D$35393,4, FALSE) -> 50,37 | G41: =ROUND(E41*F41,2) -> 27784.09 | H41: =IF(K41="",$G$7,$G$6) -> 0.2696499 | I41: =ROUND(F41*H41+F41,2) -> 63.95 | J41: =ROUND(E41*I41,2) -> 35274.82 | L41: IGUAL AO CO0MPRIM TOTAL DE REDES x PROFUNDIDADE MÉDIA DAS VALAS (2,25m - SIFAO ; 2,75 CT JD. GIMENEZ) x 02 LADOS
B42: SUB-TOTAL | G42: =SUM(G41) -> 27784.09 | J42: =SUM(J41) -> 35274.82
A43: 1.7 | B43: ESGOTAMENTO
A44: 1.7.1 | B44: =VLOOKUP(C44,'SINAPI dez-24 e CDHU 192'!$A$2:$C$19793,2, FALSE) -> LOCACAO DE BOMBA SUBMERSIVEL PARA DRENAGEM E ESGOTAMENTO, MOTOR ELETRICO TRIFASICO, POTENCIA DE 2 CV, DIAMETRO DE RECALQUE DE 3". FAIXA DE OPERACAO Q=70 M3/H (+ OU - 2 M3/H) E AMT=2 M, Q=9,5 M3/H (+ OU - 3,5 M3/H) E AMT = 10 M (+ OU - 2 M) | C44: 40293 | D44: =VLOOKUP(C44,'SINAPI dez-24 e CDHU 192'!$A$2:$D$19793,3, FALSE) -> H | E44: =24*30*2*2 -> 2880 | F44: =VLOOKUP(C44,'SINAPI dez-24 e CDHU 192'!$A$2:$D$35393,4, FALSE) -> 2,16 | G44: =ROUND(E44*F44,2) -> 6220.8 | H44: =IF(K44="",$G$7,$G$6) -> 0.2696499 | I44: =ROUND(F44*H44+F44,2) -> 2.74 | J44: =ROUND(E44*I44,2) -> 7891.2 | L44: 2 MESES DE OBRAS, 30 DIAS POR MÊS, DUAS BOMBAS, 24 HORAS/DIA
B45: SUB-TOTAL | G45: =SUM(G44) -> 6220.8 | J45: =SUM(J44) -> 7891.2
A46: 2 | B46: SIFÃO DO CT JARDIM GIMENEZ SOB O RIBEIRÃO DO SUL | G46: =G56+G68 -> 156156.89 | J46: =J56+J68 -> 184226.74
A47: 2.1 | B47: SIFÃO - COLETOR JARDIM GIMENEZ - AV. MINÉSIO MELONI
A48: 2.1.1 | B48: TUBO DE FERRO FUNDIDO PARA ESGOTO SANITÁRIO DN 250 mm | C48: O.05.000.061110 | D48: =VLOOKUP(C48,'SINAPI dez-24 e CDHU 192'!$A$2:$D$19793,3, FALSE) -> M | E48: =8.14+26.61+8.64 -> 43.39 | F48: =VLOOKUP(C48,'SINAPI dez-24 e CDHU 192'!$A$2:$D$35393,4, FALSE) -> 859.73 | G48: =ROUND(E48*F48,2) -> 37303.68 | H48: =IF(K48="",$G$7,$G$6) -> 0.15278048 | I48: =ROUND(F48*H48+F48,2) -> 991.08 | J48: =ROUND(E48*I48,2) -> 43002.96 | K48: * | L48: TOTAL DE TUBOS
A49: 2.1.2 | B49: TUBO DE FERRO FUNDIDO PARA ESGOTO SANITÁRIO DN 300 mm | C49: O.05.000.061107 | D49: =VLOOKUP(C49,'SINAPI dez-24 e CDHU 192'!$A$2:$D$19793,3, FALSE) -> M | E49: =E48 -> 43.39 | F49: =VLOOKUP(C49,'SINAPI dez-24 e CDHU 192'!$A$2:$D$35393,4, FALSE) -> 879.7 | G49: =ROUND(E49*F49,2) -> 38170.18 | H49: =IF(K49="",$G$7,$G$6) -> 0.15278048 | I49: =ROUND(F49*H49+F49,2) -> 1014.1 | J49: =ROUND(E49*I49,2) -> 44001.8 | K49: * | L49: TOTAL DE TUBOS
A50: 2.1.3 | B50: =VLOOKUP(C50,'SINAPI dez-24 e CDHU 192'!$A$2:$C$19793,2, FALSE) -> TUBO DE PVC PARA REDE COLETORA DE ESGOTO DE PAREDE MACIÇA, DN 400 MM, JUNTA ELÁSTICA FORNECIMENTO E ASSENTAMENTO. AF_01/2021 | C50: 90700 | D50: =VLOOKUP(C50,'SINAPI dez-24 e CDHU 192'!$A$2:$D$19793,3, FALSE) -> M | E50: =15.85+48.94 -> 64.79 | F50: =VLOOKUP(C50,'SINAPI dez-24 e CDHU 192'!$A$2:$D$35393,4, FALSE) -> 617,85 | G50: =ROUND(E50*F50,2) -> 40030.5 | H50: =IF(K50="",$G$7,$G$6) -> 0.15278048 | I50: =ROUND(F50*H50+F50,2) -> 712.25 | J50: =ROUND(E50*I50,2) -> 46146.68 | K50: * | L50: TOTAL DE TUBOS
A51: 2.1.4 | B51: CURVA DE FERRO FUNDIDO 22,5º PARA ESGOTO SANITÁRIO DN 250 MM. | C51: cotação | D51: UN | E51: 2 | F51: 785 | G51: =ROUND(E51*F51,2) -> 1570 | H51: =IF(K51="",$G$7,$G$6) -> 0.15278048 | I51: =ROUND(F51*H51+F51,2) -> 904.93 | J51: =ROUND(E51*I51,2) -> 1809.86 | K51: * | L51: TOTAL DE CURVAS
A52: 2.1.5 | B52: CURVA DE FERRO FUNDIDO 22,5º PARA ESGOTO SANITÁRIO DN 300 MM. | C52: cotação | D52: UN | E52: 2 | F52: 884 | G52: =ROUND(E52*F52,2) -> 1768 | H52: =IF(K52="",$G$7,$G$6) -> 0.15278048 | I52: =ROUND(F52*H52+F52,2) -> 1019.06 | J52: =ROUND(E52*I52,2) -> 2038.12 | K52: * | L52: TOTAL DE CURVAS
A53: 2.1.6 | B53: =VLOOKUP(C53,'SINAPI dez-24 e CDHU 192'!$A$2:$C$19793,2, FALSE) -> ASSENTAMENTO DE TUBO DE FERRO FUNDIDO PARA REDE DE ÁGUA, DN 250 MM, JUNTA ELÁSTICA, INSTALADO EM LOCAL COM NÍVEL ALTO DE INTERFERÊNCIAS (NÃO INCLUI FORNECIMENTO). AF_11/2017 | C53: 97145 | D53: UN | E53: =E48 -> 43.39 | F53: =VLOOKUP(C53,'SINAPI dez-24 e CDHU 192'!$A$2:$D$35393,4, FALSE) -> 17,63 | G53: =ROUND(E53*F53,2) -> 764.97 | H53: =IF(K53="",$G$7,$G$6) -> 0.2696499 | I53: =ROUND(F53*H53+F53,2) -> 22.38 | J53: =ROUND(E53*I53,2) -> 971.07 | L53: TOTAL DE TUBOS
A54: 2.1.7 | B54: =VLOOKUP(C54,'SINAPI dez-24 e CDHU 192'!$A$2:$C$19793,2, FALSE) -> ASSENTAMENTO DE TUBO DE FERRO FUNDIDO PARA REDE DE ÁGUA, DN 300 MM, JUNTA ELÁSTICA, INSTALADO EM LOCAL COM NÍVEL ALTO DE INTERFERÊNCIAS (NÃO INCLUI FORNECIMENTO). AF_11/2017 | C54: 97146 | D54: UN | E54: =E49 -> 43.39 | F54: =VLOOKUP(C54,'SINAPI dez-24 e CDHU 192'!$A$2:$D$35393,4, FALSE) -> 20,19 | G54: =ROUND(E54*F54,2) -> 876.04 | H54: =IF(K54="",$G$7,$G$6) -> 0.2696499 | I54: =ROUND(F54*H54+F54,2) -> 25.63 | J54: =ROUND(E54*I54,2) -> 1112.09 | L54: TOTAL DE TUBOS
A55: 2.1.8 | B55: =VLOOKUP(C55,'SINAPI dez-24 e CDHU 192'!$A$2:$C$19793,2, FALSE) -> ASSENTAMENTO DE TUBO DE PVC PARA REDE COLETORA DE ESGOTO DE PAREDE MACIÇA, DN 400 MM, JUNTA ELÁSTICA (NÃO INCLUI FORNECIMENTO). AF_01/2021 | C55: 90739 | D55: UN | E55: =E50 -> 64.79 | F55: =VLOOKUP(C55,'SINAPI dez-24 e CDHU 192'!$A$2:$D$35393,4, FALSE) -> 9,48 | G55: =ROUND(E55*F55,2) -> 614.21 | H55: =IF(K55="",$G$7,$G$6) -> 0.2696499 | I55: =ROUND(F55*H55+F55,2) -> 12.04 | J55: =ROUND(E55*I55,2) -> 780.07 | L55: TOTAL DE TUBOS
B56: SUB-TOTAL | G56: =SUM(G48:G55) -> 121097.58 | J56: =SUM(J48:J55) -> 139862.65
A57: 2.2 | B57: CAIXAS DE ENTRADA/SAÍDA E BLOCOS DE ANCORAGEM EM CONCRETO
A58: 2.2.1 | B58: =VLOOKUP(C58,'SINAPI dez-24 e CDHU 192'!$A$2:$C$19793,2, FALSE) -> TAMPAO FOFO ARTICULADO, CLASSE B125 CARGA MAX 12,5 T, REDONDO, TAMPA 600 MM (COM INSCRICAO EM RELEVO DO TIPO DE REDE) | C58: 11301 | D58: =VLOOKUP(C58,'SINAPI dez-24 e CDHU 192'!$A$2:$D$19793,3, FALSE) -> UN | E58: 2 | F58: =VLOOKUP(C58,'SINAPI dez-24 e CDHU 192'!$A$2:$D$35393,4, FALSE) -> 629,09 | G58: =ROUND(E58*F58,2) -> 1258.18 | H58: =IF(K58="",$G$7,$G$6) -> 0.15278048 | I58: =ROUND(F58*H58+F58,2) -> 725.2 | J58: =ROUND(E58*I58,2) -> 1450.4 | K58: * | L58: TOTAL DE PVs
A59: 2.2.2 | B59: =VLOOKUP(C59,'SINAPI dez-24 e CDHU 192'!$A$2:$C$19793,2, FALSE) -> LASTRO DE CONCRETO MAGRO, APLICADO EM PISOS, LAJES SOBRE SOLO OU RADIERS, ESPESSURA DE 5 CM. AF_07/2016 | C59: 95241 | D59: =VLOOKUP(C59,'SINAPI dez-24 e CDHU 192'!$A$2:$D$19793,3, FALSE) -> M2 | E59: =(2*1.9*1.7)+(2*0.3*1.3) -> 7.24 | F59: =VLOOKUP(C59,'SINAPI dez-24 e CDHU 192'!$A$2:$D$35393,4, FALSE) -> 27,98 | G59: =ROUND(E59*F59,2) -> 202.58 | H59: =IF(K59="",$G$7,$G$6) -> 0.2696499 | I59: =ROUND(F59*H59+F59,2) -> 35.52 | J59: =ROUND(E59*I59,2) -> 257.16 | L59: VER PROJETO ESTRUTURAL - 2 CAIXAS + 2 BLOCOS
A60: 2.2.3 | B60: =VLOOKUP(C60,'SINAPI dez-24 e CDHU 192'!$A$2:$C$19793,2, FALSE) -> CONCRETAGEM DE EDIFICAÇÕES (PAREDES E LAJES) FEITAS COM SISTEMA DE FÔRMAS MANUSEÁVEIS, COM CONCRETO USINADO AUTOADENSÁVEL FCK 25 MPA - LANÇAMENTO E ACABAMENTO. AF_10/2021 | C60: 99235 | D60: =VLOOKUP(C60,'SINAPI dez-24 e CDHU 192'!$A$2:$D$19793,3, FALSE) -> M3 | E60: =((1.7*1.9*0.2)+(1.5*0.325*0.15)+((1.9*2.384*0.2)*2)+((1.3*2.384*0.2)*2)+(1.7*1.9*0.15))+((1.7*1.9*0.2)+(1.5*0.325*0.15)+((1.9*2.228*0.2)*2)+((1.3*2.228*0.2)*2)+(1.7*1.9*0.15))+((1.3*0.3*0.3)*2) -> 8.54461 | F60: =VLOOKUP(C60,'SINAPI dez-24 e CDHU 192'!$A$2:$D$35393,4, FALSE) -> 572,94 | G60: =ROUND(E60*F60,2) -> 4895.55 | H60: =IF(K60="",$G$7,$G$6) -> 0.2696499 | I60: =ROUND(F60*H60+F60,2) -> 727.43 | J60: =ROUND(E60*I60,2) -> 6215.61 | L60: VER PROJETO ESTRUTURAL - 2 CAIXAS + 2 BLOCOS
A61: 2.2.4 | B61: =VLOOKUP(C61,'SINAPI dez-24 e CDHU 192'!$A$2:$C$19793,2, FALSE) -> ARMAÇÃO UTILIZANDO AÇO CA-25 DE 6,3 MM - MONTAGEM. AF_06/2022 | C61: 92882 | D61: =VLOOKUP(C61,'SINAPI dez-24 e CDHU 192'!$A$2:$D$19793,3, FALSE) -> KG | E61: =10+10+4+4+3+3 -> 34 | F61: =VLOOKUP(C61,'SINAPI dez-24 e CDHU 192'!$A$2:$D$35393,4, FALSE) -> 13,05 | G61: =ROUND(E61*F61,2) -> 443.7 | H61: =IF(K61="",$G$7,$G$6) -> 0.2696499 | I61: =ROUND(F61*H61+F61,2) -> 16.57 | J61: =ROUND(E61*I61,2) -> 563.38 | L61: VER PROJETO ESTRUTURAL - 2 CAIXAS + 2 BLOCOS
A62: 2.2.5 | B62: =VLOOKUP(C62,'SINAPI dez-24 e CDHU 192'!$A$2:$C$19793,2, FALSE) -> ARMAÇÃO UTILIZANDO AÇO CA-25 DE 8,0 MM - MONTAGEM. AF_06/2022 | C62: 92883 | D62: =VLOOKUP(C62,'SINAPI dez-24 e CDHU 192'!$A$2:$D$19793,3, FALSE) -> KG | E62: =226+213+23+23 -> 485 | F62: =VLOOKUP(C62,'SINAPI dez-24 e CDHU 192'!$A$2:$D$35393,4, FALSE) -> 11,84 | G62: =ROUND(E62*F62,2) -> 5742.4 | H62: =IF(K62="",$G$7,$G$6) -> 0.2696499 | I62: =ROUND(F62*H62+F62,2) -> 15.03 | J62: =ROUND(E62*I62,2) -> 7289.55 | L62: VER PROJETO ESTRUTURAL - 2 CAIXAS + 2 BLOCOS
A63: 2.2.6 | B63: =VLOOKUP(C63,'SINAPI dez-24 e CDHU 192'!$A$2:$C$19793,2, FALSE) -> ARMAÇÃO UTILIZANDO AÇO CA-25 DE 10,0 MM - MONTAGEM. AF_06/2022 | C63: 92884 | D63: =VLOOKUP(C63,'SINAPI dez-24 e CDHU 192'!$A$2:$D$19793,3, FALSE) -> KG | E63: =19+19+13+13+12+12 -> 88 | F63: =VLOOKUP(C63,'SINAPI dez-24 e CDHU 192'!$A$2:$D$35393,4, FALSE) -> 11,82 | G63: =ROUND(E63*F63,2) -> 1040.16 | H63: =IF(K63="",$G$7,$G$6) -> 0.2696499 | I63: =ROUND(F63*H63+F63,2) -> 15.01 | J63: =ROUND(E63*I63,2) -> 1320.88 | L63: VER PROJETO ESTRUTURAL - 2 CAIXAS + 2 BLOCOS
A64: 2.2.7 | B64: =VLOOKUP(C64,'SINAPI dez-24 e CDHU 192'!$A$2:$C$19793,2, FALSE) -> ARMAÇÃO UTILIZANDO AÇO CA-25 DE 12,5 MM - MONTAGEM. AF_06/2022 | C64: 92885 | D64: =VLOOKUP(C64,'SINAPI dez-24 e CDHU 192'!$A$2:$D$19793,3, FALSE) -> KG | E64: =21+21+8+8 -> 58 | F64: =VLOOKUP(C64,'SINAPI dez-24 e CDHU 192'!$A$2:$D$35393,4, FALSE) -> 11,13 | G64: =ROUND(E64*F64,2) -> 645.54 | H64: =IF(K64="",$G$7,$G$6) -> 0.2696499 | I64: =ROUND(F64*H64+F64,2) -> 14.13 | J64: =ROUND(E64*I64,2) -> 819.54 | L64: VER PROJETO ESTRUTURAL - 2 CAIXAS + 2 BLOCOS
A65: 2.2.8 | B65: =VLOOKUP(C65,'SINAPI dez-24 e CDHU 192'!$A$2:$C$19793,2, FALSE) -> ARMAÇÃO UTILIZANDO AÇO CA-25 DE 16,0 MM - MONTAGEM. AF_06/2022 | C65: 92886 | D65: =VLOOKUP(C65,'SINAPI dez-24 e CDHU 192'!$A$2:$D$19793,3, FALSE) -> KG | E65: =49+49 -> 98 | F65: =VLOOKUP(C65,'SINAPI dez-24 e CDHU 192'!$A$2:$D$35393,4, FALSE) -> 10,55 | G65: =ROUND(E65*F65,2) -> 1033.9 | H65: =IF(K65="",$G$7,$G$6) -> 0.2696499 | I65: =ROUND(F65*H65+F65,2) -> 13.39 | J65: =ROUND(E65*I65,2) -> 1312.22 | L65: VER PROJETO ESTRUTURAL - 2 CAIXAS + 2 BLOCOS
A66: 2.2.9 | B66: =VLOOKUP(C66,'SINAPI dez-24 e CDHU 192'!$A$2:$C$19793,2, FALSE) -> FABRICAÇÃO DE FÔRMA PARA PILARES E ESTRUTURAS SIMILARES, EM CHAPA DE MADEIRA COMPENSADA RESINADA, E = 17 MM. AF_09/2020 | C66: 92263 | D66: =VLOOKUP(C66,'SINAPI dez-24 e CDHU 192'!$A$2:$D$19793,3, FALSE) -> M2 | E66: =((1.5*0.325*2)+((1.9*2.384)*2)+((1.5*2.384)*2)+((1.3*2.384)*2)+((1.1*2.384)*2)+(1.7*1.9)+(1.7+1.9*0.15*2))+((1.5*0.325*2)+((1.9*2.228)*2)+((1.5*2.228)*2)+((1.3*2.228)*2)+((1.1*2.228)*2)+(1.7*1.9)+(1.7+1.9*0.15*2))+((((1.3*0.3)+(1.3*0.3))*2)*2) -> 69.5692 | F66: =VLOOKUP(C66,'SINAPI dez-24 e CDHU 192'!$A$2:$D$35393,4, FALSE) -> 149,99 | G66: =ROUND(E66*F66,2) -> 10434.68 | H66: =IF(K66="",$G$7,$G$6) -> 0.2696499 | I66: =ROUND(F66*H66+F66,2) -> 190.43 | J66: =ROUND(E66*I66,2) -> 13248.06 | L66: VER PROJETO ESTRUTURAL - 2 CAIXAS + 2 BLOCOS
A67: 2.2.10 | B67: =VLOOKUP(C67,'SINAPI dez-24 e CDHU 192'!$A$2:$C$19793,2, FALSE) -> MONTAGEM E DESMONTAGEM DE FÔRMA DE PILARES RETANGULARES E ESTRUTURAS SIMILARES, PÉ-DIREITO SIMPLES, EM CHAPA DE MADEIRA COMPENSADA RESINADA, 2 UTILIZAÇÕES. AF_09/2020 | C67: 92415 | D67: =VLOOKUP(C67,'SINAPI dez-24 e CDHU 192'!$A$2:$D$19793,3, FALSE) -> M2 | E67: =E66 -> 69.5692 | F67: =VLOOKUP(C67,'SINAPI dez-24 e CDHU 192'!$A$2:$D$35393,4, FALSE) -> 134,58 | G67: =ROUND(E67*F67,2) -> 9362.62 | H67: =IF(K67="",$G$7,$G$6) -> 0.2696499 | I67: =ROUND(F67*H67+F67,2) -> 170.87 | J67: =ROUND(E67*I67,2) -> 11887.29 | L67: VER PROJETO ESTRUTURAL - 2 CAIXAS + 2 BLOCOS
B68: SUB-TOTAL | G68: =SUM(G58:G67) -> 35059.31 | J68: =SUM(J58:J67) -> 44364.09
B71: SAEMAS - SERTÃOZINHO | G71: ENG Consultoria e Projetos Ltda. | L71: ENG Consultoria e Projetos Ltda.
G72: Pedro Ivo de Almeida Santos | L72: Pedro Ivo de Almeida Santos
G73: CREA: 5061115668 ART: 28027230200660096 | L73: CREA: 5061115668 ART: 28027230200660096

Sheet BDI JGZ SIF
A1: PLANILHA DO SISTEMA DE ESGOTAMENTO SANITÁRIO DE SÃO SIMÃO PROJETO EXECUTIVO COLETOR TRONCO, ETE E EMISSÁRIO FINAL | K1: X
A2: QUADRO DE COMPOSIÇÃO DO BDI - SERVIÇOS E MÃO DE OBRA
A3: RESUMO | B3: SIGLA | C3: Taxas | D3: MIN | E3: MED | F3: MÁX
A4: ADMISTRAÇÃO CENTRAL | B4: AC | C4: 0.0343 | D4: 0.0343 | E4: 0.0493 | F4: 0.0671
A5: SEGURO E GARANTIA | B5: SG | C5: 0.0049 | D5: 0.0028 | E5: 0.0049 | F5: 0.0075
A6: RISCO | B6: R | C6: 0.0139 | D6: 0.01 | E6: 0.0139 | F6: 0.0174
A7: DESPESAS FINANCEIRAS | B7: DF | C7: 0.0099 | D7: 0.0094 | E7: 0.0099 | F7: 0.0117
A8: LUCRO | B8: L | C8: 0.0804 | D8: 0.0674 | E8: 0.0804 | F8: 0.094
A9: TRIBUTOS - COFINS PIS | B9: CP | C9: =C10+C11 -> 0.0365 | D9: 3.65 | E9: 3.65 | F9: 3.65
A10: COFINS | C10: 0.03
A11: PIS | C11: 0.0065
A12: TRIBUTOS - ISS | B12: ISS | C12: =C13*C14 -> 0.0135 | D12: 0 | E12: 2.5 | F12: 5
A13: ESTIMATIVA PERCENTUAL DA BASE DE CÁLCULO PARA O ISS | C13: 0.45
A14: ALÍCOTA DE ISS | C14: 0.03
A15: TRIBUTOS - CONTRIBUIÇÃO PREVIDENCIÁRIA | B15: CPRB | C15: 0.045 | D15: 0 | E15: 2 | F15: 2
D16: 20.76 | E16: 24.18 | F16: 26.44
A17: BENEFÍCIOS E DESPESAS INDIRETAS - CONFORME ACÓRDÃO TCU | B17: BDI-TCU | C17: =(1+C4+C5+C6)*(1+C7)*(1+C8)/(1-C9-C12)-1 -> 0.20950858
A18: BENEFÍCIOS E DESPESAS INDIRETAS - SERVIÇOS E MÃO DE OBRA A SER APLICADO NA PLANILHA | B18: BDI-MO | C18: =(1+C4+C5+C6)*(1+C7)*(1+C8)/(1-C9-C12-C15)-1 -> 0.2696499 | D18: =D16+2 -> 22.76 | E18: =E16+2 -> 26.18 | F18: =F16+2 -> 28.44
A20: QUADRO DE COMPOSIÇÃO DO BDI - SERVIÇOS E MÃO DE OBRA
A21: DESCRIÇÃO | B21: SIGLA | C21: Taxas | D21: MIN | E21: MED | F21: MÁX
A22: ADMISTRAÇÃO CENTRAL | B22: AC | C22: 0.0345 | D22: 1.5 | E22: 3.45 | F22: 4.49
A23: SEGURO E GARANTIA | B23: SG | C23: 0.0048 | D23: 0.3 | E23: 0.48 | F23: 0.82
A24: RISCO | B24: R | C24: 0.0085 | D24: 0.56 | E24: 0.85 | F24: 0.89
A25: DESPESAS FINANCEIRAS | B25: DF | C25: 0.0085 | D25: 0.85 | E25: 0.85 | F25: 1.11
A26: LUCRO | B26: L | C26: 0.0511 | D26: 3.5 | E26: 5.11 | F26: 6.22
A27: TRIBUTOS - COFINS PIS | B27: CP | C27: =C28+C29 -> 0.0365 | D27: 3.65 | E27: 3.65 | F27: 3.65
A28: COFINS | C28: 0.03
A29: PIS | C29: 0.0065
A30: TRIBUTOS - ISS | B30: ISS | C30: =C31*C32 -> 0 | D30: 0 | E30: 2.5 | F30: 5
A31: ESTIMATIVA PERCENTUAL DA BASE DE CÁLCULO PARA O ISS | C31: 0
A32: ALÍCOTA DE ISS | C32: 0.03
A33: TRIBUTOS - CONTRIBUIÇÃO PREVIDENCIÁRIA | B33: CPRB | C33: 0 | D33: 0 | E33: 2 | F33: 2
D34: 11.1 | E34: 14.02 | F34: 16.8
A35: BENEFÍCIOS E DESPESAS INDIRETAS - CONFORME ACÓRDÃO TCU | B35: BDI-TCU | C35: =(1+C22+C23+C24)*(1+C25)*(1+C26)/(1-C27-C30)-1 -> 0.15278048 | D35: =D33+2 -> 2 | E35: =E33+2 -> 4 | F35: =F33+2 -> 4
A36: BENEFÍCIOS E DESPESAS INDIRETAS - FORNECIMENTO DE MATERIAIS E EQUIPAMENTOS A SER APLICADO NA PLANILHA | B36: BDI-EQ | C36: =(1+C22+C23+C24)*(1+C25)*(1+C26)/(1-C27-C30-C33)-1 -> 0.15278048 | D36: =D34+2 -> 13.1 | E36: =E34+2 -> 16.02 | F36: =F34+2 -> 18.8

Sheet SINAPI dez-24 e CDHU 192
A2: COMPANHIA DE DESENVOLVIMENTO HABITACIONAL E URBANO
A3: DO ESTADO DE SÃO PAULO
A4: BOLETIM REFERENCIAL DE CUSTOS
A5: RELATÓRIO DE INSUMOS
D6: Versão 192
C7: Data Base: | D7: Nov/23
A9: Referência | B9: Descrição do Insumo | C9: Unidade | D9: Custo (R$)
A10: A.02.000.070107 | B10: Impressão colorida em papel sulfite A4 | C10: UN | D10: 2.32
A11: A.02.000.070108 | B11: Encadernação espiral até 100 folhas | C11: UN | D11: 8.13
A12: A.03.000.022111 | B12: Taxa de mobilização e desmobilização de equipamentos para execução de estacas escavadas com injeção ou microestaca | C12: TX | D12: 22277.48
A13: A.04.000.098083 | B13: Taxa de mobilização e desmobilização de equipamentos para execução de rebaixamento de lençol freático | C13: TX | D13: 12855.68
A14: A.04.000.098084 | B14: Locação de conjunto de bombeamento a vácuo para rebaixamento de lençol freático, com até 50 ponteiras e potência até 15HP mínimo 30 dias | C14: CJxDI | D14: 732.36
A15: A.04.000.098085 | B15: Ponteiras filtrantes até 5m de profundidades - instaladas | C15: UN | D15: 446.29
A16: A.05.000.020299 | B16: Taxa de destinação de resíduo sólido em aterro, tipo inerte | C16: T | D16: 38.4
A17: A.05.000.020306 | B17: Taxa de destinação de resíduo sólido em aterro, tipo solo/terra | C17: M3 | D17: 29.4
A18: A.05.000.020307 | B18: Taxa para descarte em aterro legalizado | C18: T | D18: 751.33
A19: A.05.000.020358 | B19: Remoção de entulho de obra, terra, alvenaria, concreto, argamassa, madeira, papel, plástico, metal, capacidade de 4m³ | C19: M3 | D19: 93.74
A20: A.05.000.020359 | B20: Remoção de entulho de obra, material volumoso (mistura de alvenaria, terra, madeira, papel, plástico e metal), capacidade 4 m³ | C20: M3 | D20: 106.8
A21: A.05.000.020363 | B21: Transporte de resíduo sólido em aterro, tipo telhas cimento amianto classe D | C21: T | D21: 197.37
... A3270: S.07.000.080308 | B3270: Transporte de material asfáltico, com caminhão com capacidade de 20000l em rodovia pavimentada para distância médias de transporte igual ou inferior a 100km. af_02/2016 | C3270: TxKM | D3270: 1.57
B3274: COMPANHIA DE DESENVOLVIMENTO HABITACIONAL E URBANO
A3275: DO ESTADO DE SÃO PAULO
A3276: BOLETIM REFERENCIAL DE CUSTOS - TABELA DE SERVIÇOS
A3277: COM DESONERAÇÃO
D3278: Versão 192
D3279: Nov/23
C3280: BDI : | D3280: 0.9778
A3281: Referência | B3281: Descrição | C3281: Un | D3281: Custo Total
A3282: 01 | B3282: SERVICO TECNICO ESPECIALIZADO | E3282: 2
A3283: 01.02 | B3283: Parecer técnico | E3283: 5
A3284: 01.02.071 | B3284: Parecer técnico de fundações, contenções e recomendações gerais, para empreendimentos com área construída até 1.000 m² | C3284: UN | D3284: 5636.66 | E3284: =LEN(A3284) -> 9
A3285: 01.02.081 | B3285: Parecer técnico de fundações, contenções e recomendações gerais, para empreendimentos com área construída de 1.001 a 2.000 m² | C3285: UN | D3285: 7495.66 | E3285: =LEN(A3285) -> 9
A3286: 01.02.091 | B3286: Parecer técnico de fundações, contenções e recomendações gerais, para empreendimentos com área construída de 2.001 a 5.000 m² | C3286: UN | D3286: 12804.27 | E3286: =LEN(A3286) -> 9
A3287: 01.02.101 | B3287: Parecer técnico de fundações, contenções e recomendações gerais, para empreendimentos com área construída de 5.001 a 10.000 m² | C3287: UN | D3287: 17556.16 | E3287: =LEN(A3287) -> 9
A3288: 01.02.111 | B3288: Parecer técnico de fundações, contenções e recomendações gerais, para empreendimentos com área construída acima de 10.000 m² | C3288: UN | D3288: 20458.99 | E3288: =LEN(A3288) -> 9
A3289: 01.06 | B3289: Projeto de instalações elétricas | E3289: =LEN(A3289) -> 5
A3290: 01.06.021 | B3290: Elaboração de projeto de adequação de entrada de energia elétrica junto a concessionária, com medição em baixa tensão e demanda até 75 kVA | C3290: UN | D3290: 7199.56 | E3290: =LEN(A3290) -> 9
A3291: 01.06.031 | B3291: Elaboração de projeto de adequação de entrada de energia elétrica junto a concessionária, com medição em média tensão, subestação simplificada e demanda de 75 kVA a 300 kVA | C3291: UN | D3291: 12194.64 | E3291: =LEN(A3291) -> 9
A3292: 01.06.032 | B3292: Elaboração de projeto de adequação de entrada de energia elétrica junto a concessionária, com medição em média tensão e demanda de 75 kVA a 300 kVA | C3292: UN | D3292: 16501.64 | E3292: =LEN(A3292) -> 9
A3293: 01.06.041 | B3293: Elaboração de projeto de adequação de entrada de energia elétrica junto a concessionária, com medição em média tensão e demanda acima de 300 kVA a 2 MVA | C3293: UN | D3293: 21949.1 | E3293: =LEN(A3293) -> 9
A3294: 01.17 | B3294: Projeto executivo | E3294: =LEN(A3294) -> 5
A3295: 01.17.031 | B3295: Projeto executivo de arquitetura em formato A1 | C3295: UN | D3295: 2836.01 | E3295: =LEN(A3295) -> 9
A3296: 01.17.041 | B3296: Projeto executivo de arquitetura em formato A0 | C3296: UN | D3296: 3833.98 | E3296: =LEN(A3296) -> 9
A3297: 01.17.051 | B3297: Projeto executivo de estrutura em formato A1 | C3297: UN | D3297: 2079.88 | E3297: =LEN(A3297) -> 9
A3298: 01.17.061 | B3298: Projeto executivo de estrutura em formato A0 | C3298: UN | D3298: 2845.66 | E3298: =LEN(A3298) -> 9
A3299: 01.17.071 | B3299: Projeto executivo de instalações hidráulicas em formato A1 | C3299: UN | D3299: 892.89 | E3299: =LEN(A3299) -> 9
A3300: 01.17.081 | B3300: Projeto executivo de instalações hidráulicas em formato A0 | C3300: UN | D3300: 1188.55 | E3300: =LEN(A3300) -> 9
A3301: 01.17.111 | B3301: Projeto executivo de instalações elétricas em formato A1 | C3301: UN | D3301: 991.52 | E3301: =LEN(A3301) -> 9
A3302: 01.17.121 | B3302: Projeto executivo de instalações elétricas em formato A0 | C3302: UN | D3302: 1374.79 | E3302: =LEN(A3302) -> 9
A3303: 01.17.151 | B3303: Projeto executivo de climatização em formato A1 | C3303: UN | D3303: 1908.51 | E3303: =LEN(A3303) -> 9
A3304: 01.17.161 | B3304: Projeto executivo de climatização em formato A0 | C3304: UN | D3304: 2601.48 | E3304: =LEN(A3304) -> 9
A3305: 01.17.171 | B3305: Projeto executivo de chuveiros automáticos em formato A1 | C3305: UN | D3305: 1647.55 | E3305: =LEN(A3305) -> 9
A3306: 01.17.181 | B3306: Projeto executivo de chuveiros automáticos em formato A0 | C3306: UN | D3306: 2129.53 | E3306: =LEN(A3306) -> 9
A3307: 01.20 | B3307: Levantamento topográfico e geofísico | E3307: =LEN(A3307) -> 5
A3308: 01.20.010 | B3308: Taxa de mobilização e desmobilização de equipamentos para execução de levantamento topográfico | C3308: TX | D3308: 1183.91 | E3308: =LEN(A3308) -> 9
A3309: 01.20.280 | B3309: Levantamento planimétrico de área pavimentada para veículo e pedestre | C3309: M2 | D3309: 0.17 | E3309: =LEN(A3309) -> 9
A3310: 01.20.691 | B3310: Levantamento planimétrico cadastral com áreas ocupadas predominantemente por comunidades - área até 20.000 m² (mínimo de 3.500 m²) | C3310: M2 | D3310: 0.86 | E3310: =LEN(A3310) -> 9
A3311: 01.20.701 | B3311: Levantamento planimétrico cadastral com áreas ocupadas predominantemente por comunidades - área acima de 20.000 m² até 200.000 m² | C3311: M2 | D3311: 0.66 | E3311: =LEN(A3311) -> 9
A3312: 01.20.711 | B3312: Levantamento planimétrico cadastral com áreas ocupadas predominantemente por comunidades - área acima de 200.000 m² | C3312: M2 | D3312: 0.54 | E3312: =LEN(A3312) -> 9
A3313: 01.20.721 | B3313: Levantamento planimétrico cadastral com áreas até 50% de ocupação - área até 20.000 m² (mínimo de 3.500 m²) | C3313: M2 | D3313: 0.74 | E3313: =LEN(A3313) -> 9
A3314: 01.20.731 | B3314: Levantamento planimétrico cadastral com áreas até 50% de ocupação - área acima de 20.000 m² até 200.000 m² | C3314: M2 | D3314: 0.61 | E3314: =LEN(A3314) -> 9
A3315: 01.20.741 | B3315: Levantamento planimétrico cadastral com áreas até 50% de ocupação - área acima de 200.000 m² | C3315: M2 | D3315: 0.47 | E3315: =LEN(A3315) -> 9
A3316: 01.20.751 | B3316: Levantamento planimétrico cadastral com áreas acima de 50% de ocupação - área até 20.000 m² (mínimo de 4.000 m²) | C3316: M2 | D3316: 0.65 | E3316: =LEN(A3316) -> 9
A3317: 01.20.761 | B3317: Levantamento planimétrico cadastral com áreas acima de 50% de ocupação - área acima de 20.000 m² até 200.000 m² | C3317: M2 | D3317: 0.56 | E3317: =LEN(A3317) -> 9
A3318: 01.20.771 | B3318: Levantamento planimétrico cadastral com áreas acima de 50% de ocupação - área acima de 200.000 m² | C3318: M2 | D3318: 0.55 | E3318: =LEN(A3318) -> 9
A3319: 01.20.781 | B3319: Levantamento planialtimétrico cadastral com áreas ocupadas predominantemente por comunidades - área até 20.000 m² (mínimo de 3.500 m²) | C3319: M2 | D3319: 0.92 | E3319: =LEN(A3319) -> 9
... A3333: 01.20.921 | B3333: Implantação de marcos através de levantamento com GPS (mínimo de 3 marcos) | C3333: UN | D3333: 1135.19 | E3333: =LEN(A3333) -> 9
A3334: 01.21 | B3334: Estudo geotecnico (sondagem) | E3334: =LEN(A3334) -> 5
A3335: 01.21.010 | B3335: Taxa de mobilização e desmobilização de equipamentos para execução de sondagem | C3335: TX | D3335: 1238.33 | E3335: =LEN(A3335) -> 9
A3336: 01.21.090 | B3336: Taxa de mobilização e desmobilização de equipamentos para execução de sondagem rotativa | C3336: TX | D3336: 6455.09 | E3336: =LEN(A3336) -> 9
A3337: 01.21.100 | B3337: Sondagem do terreno a trado | C3337: M | D3337: 92.89 | E3337: =LEN(A3337) -> 9
A3338: 01.21.110 | B3338: Sondagem do terreno à percussão (mínimo de 30 m) | C3338: M | D3338: 87.39 | E3338: =LEN(A3338) -> 9
A3339: 01.21.120 | B3339: Sondagem do terreno rotativa em solo | C3339: M | D3339: 375.11 | E3339: =LEN(A3339) -> 9
A3340: 01.21.130 | B3340: Sondagem do terreno rotativa em rocha | C3340: M | D3340: 609.46 | E3340: =LEN(A3340) -> 9
A3341: 01.21.140 | B3341: Sondagem do terreno à percussão com a utilização de torquímetro (mínimo de 30 m) | C3341: M | D3341: 92.05 | E3341: =LEN(A3341) -> 9
A3342: 01.23 | B3342: Tratamento, recuperação e trabalhos especiais em concreto | E3342: =LEN(A3342) -> 5
A3343: 01.23.010 | B3343: Taxa de mobilização e desmobilização de equipamentos para execução de corte em concreto armado | C3343: TX | D3343: 334.37 | E3343: =LEN(A3343) -> 9
A3344: 01.23.020 | B3344: Limpeza de armadura com escova de aço | C3344: M2 | D3344: 7.87 | E3344: =LEN(A3344) -> 9
A3345: 01.23.030 | B3345: Preparo de ponte de aderência com adesivo a base de epóxi | C3345: M2 | D3345: 152.47 | E3345: =LEN(A3345) -> 9
A3346: 01.23.056 | B3346: Tratamento de armadura com produto anticorrosivo a base de zinco | C3346: M2 | D3346: 62.63 | E3346: =LEN(A3346) -> 9
A3347: 01.23.060 | B3347: Corte de concreto deteriorado inclusive remoção dos detritos | C3347: M2 | D3347: 26.46 | E3347: =LEN(A3347) -> 9
A3348: 01.23.070 | B3348: Demarcação de área com disco de corte diamantado | C3348: M | D3348: 4.96 | E3348: =LEN(A3348) -> 9
A3349: 01.23.100 | B3349: Demolição de concreto armado com preservação de armadura, para reforço e recuperação estrutural | C3349: M3 | D3349: 399.37 | E3349: =LEN(A3349) -> 9
A3350: 01.23.140 | B3350: Furação de 1 1/4´ em concreto armado | C3350: M | D3350: 207.07 | E3350: =LEN(A3350) -> 9
A3351: 01.23.150 | B3351: Furação de 1 1/2´ em concreto armado | C3351: M | D3351: 247.2 | E3351: =LEN(A3351) -> 9
A3352: 01.23.160 | B3352: Furação de 2 1/4´ em concreto armado | C3352: M | D3352: 323.24 | E3352: =LEN(A3352) -> 9
A3353: 01.23.190 | B3353: Furação de 2 1/2´ em concreto armado | C3353: M | D3353: 330.76 | E3353: =LEN(A3353) -> 9
A3354: 01.23.200 | B3354: Taxa de mobilização e desmobilização de equipamentos para execução de perfuração em concreto | C3354: TX | D3354: 249.02 | E3354: =LEN(A3354) -> 9
... A3375: 01.23.702 | B3375: Fibra de carbono para reforço estrutural de alta resistência - 300 g/m² | C3375: M2 | D3375: 555.82 | E3375: =LEN(A3375) -> 9
A3376: 01.27 | B3376: Estudo e programa ambientais | E3376: =LEN(A3376) -> 5
A3377: 01.27.011 | B3377: Projeto e implementação de gerenciamento integrado de resíduos sólidos e gestão de perdas | C3377: UN | D3377: 8205.09 | E3377: =LEN(A3377) -> 9
A3378: 01.27.021 | B3378: Projeto e implementação de educação ambiental | C3378: UN | D3378: 10917.87 | E3378: =LEN(A3378) -> 9
A3379: 01.27.031 | B3379: Projeto e implementação de controle ambiental de obra | C3379: UN | D3379: 9685.29 | E3379: =LEN(A3379) -> 9
A3380: 01.27.041 | B3380: Laudo de caracterização de vegetação | C3380: UN | D3380: 22675.47 | E3380: =LEN(A3380) -> 9
A3381: 01.27.051 | B3381: Laudo de caracterização da fauna associada à flora | C3381: UN | D3381: 34463.29 | E3381: =LEN(A3381) -> 9
A3382: 01.27.061 | B3382: Projeto e implementação de monitoramento da fauna durante a obra | C3382: UN | D3382: 14036.73 | E3382: =LEN(A3382) -> 9
A3383: 01.27.071 | B3383: Laudo de autodepuração | C3383: UN | D3383: 16607.05 | E3383: =LEN(A3383) -> 9
A3384: 01.27.091 | B3384: Estudo de impacto de vizinhança, em área urbana até 10.000 m² | C3384: UN | D3384: 26388.53 | E3384: =LEN(A3384) -> 9
A3385: 01.28 | B3385: Poço profundo | E3385: =LEN(A3385) -> 5
A3386: 01.28.010 | B3386: Taxa de mobilização e desmobilização de equipamentos para execução de perfuração para poço profundo - profundidade até 200 m | C3386: TX | D3386: 8439.11 | E3386: =LEN(A3386) -> 9
...
